Workbook

Sheet COMPOSIÇÃO DO BDI
A7: OBRA: | B7: OBRA: CONSTRUÇÃO DE UMA ESCOLA DE 12 SALAS DE AULAS E UMA QUADRA POLIVALENTE COBERTA
A8: TOMADOR: | B8: PREFEITURA MUNICIPAL DE ITAITUBA
A9: GESTOR: | B9: Valmir Climaco de Aguiar
A10: LOCAL DA OBRA: | B10: NO DISTRITO DE MORAES ALMEIDA, CIDADE DE ITAITUBA-PARÁ
A11: Cálculo do BDI Fórmula e parâmetros estabelecidos pelo Acórdão 2622/2013 - TCU - Plenário
A13: DEMONSTRATIVO BDI | F13: LIMITE RECOMENDADOS
A14: ITENS | C14: SIGLAS | D14: VALORES | F14: INFERIOR | G14: SUPERIOR
A15: ADMINISTRAÇÃO CENTRAL | C15: AC | D15: 0.04 | F15: 0.0343 | G15: 0.0671
A16: SEGURO E GARANTIA | C16: SG | D16: 0.008 | F16: 0.0028 | G16: 0.0075
A17: RISCO | C17: R | D17: 0.0097 | F17: 0.01 | G17: 0.0174
A18: DESPESAS FINANCEIRAS | C18: DF | D18: 0.0059 | F18: 0.0094 | G18: 0.0117
A19: LUCRO | C19: L | D19: 0.06 | F19: 0.0674 | G19: 0.094
A20: TAXA DE TRIBUTOS | B20: PIS (geralmente 0,65%) | C20: I | D20: 0.0065 | F20: VARIÁVEL
B21: COFINS (geralmente 3,00%) | D21: 0.03
B22: ISS (legislação municipal) | D22: 0.05
B23: CPRB (INSS) | D23: 0.045
A24: TAXA TOTAL DE IMPOSTO I | D24: =SUM(D20:D23) -> 0.1315
A26: BDI | D26: =((1+D15+D16+D17)*(1+D18)*(1+D19)/(1-D24))-1 -> 0.29853409 | F26: 0.2076 | G26: 0.3
A28: Fórmula para o cálculo do B.D.I. ( benefícios e despesas indiretas )
A29: BDI = ((1+AC+S+R+G)*(1+DF)*(1+L)/(1-I))-1

Sheet 12 SALAS - 127V_BLOCOS
A6: PROPRIETÁRIO: MUNICÍPIO DE ITAITUBA - PARÁ | E6: DATA DO ORÇAMENTO: 13/12/2021 | I6: BDI: 29,85%
A7: OBRA: CONSTRUÇÃO DE UMA ESCOLA DE 12 SALAS DE AULAS E UMA QUADRA POLIESPORTIVA COBERTA | E7: TABELA SINAPI/PA - OUT/2021 E SEDOP - SET/2021 (DESONERADOS) | H7: VALOR:
A8: LOCAL DA OBRA: NO DISTRITO DE MORAES ALMEIDA, CIDADE DE ITAITUBA-PARÁ | H8: =SUM(I415) -> 7887953.4
A10: ITEM | B10: CÓDIGO | C10: FONTE | D10: DESCRIÇÃO DOS SERVIÇOS | E10: UN. | F10: QUANT. | G10: PREÇO SEM BDI (R$) | H10: PREÇO COM BDI (R$) | I10: VALOR (R$)
A12: A | B12: CONSTRUÇÃO DA ESCOLA
A13: 1 | D13: SERVIÇOS PRELIMINARES | I13: =SUM(I14:I20) -> 74386.73
A14: 1.1 | B14: 11340 | C14: SEDOP | D14: Placa de obra em lona com plotagem de gráfica | E14: m² | F14: 12 | G14: 174.57 | H14: =G14*1.2985 -> 226.67914 | I14: =ROUND((F14*H14),2) -> 2720.15
A15: 1.2 | B15: 10000 | C15: SEDOP | D15: Licenças e taxas da obra (acima de 500m2) | E15: un | F15: 1 | G15: 12622.32 | H15: =G15*1.2985 -> 16390.083 | I15: =ROUND((F15*H15),2) -> 16390.08
A16: 1.3 | B16: 10767 | C16: SEDOP | D16: Barracão de madeira (incl. instalações) | E16: m² | F16: 12 | G16: 528.9 | H16: =G16*1.2985 -> 686.77665 | I16: =ROUND((F16*H16),2) -> 8241.32
A17: 1.4 | B17: 10005 | C17: SEDOP | D17: Barracão de madeira/Almoxarifado | E17: m² | F17: 20 | G17: 268.27 | H17: =G17*1.2985 -> 348.34859 | I17: =ROUND((F17*H17),2) -> 6966.97
A18: 1.5 | B18: 10003 | C18: SEDOP | D18: Tapume c/ chapa de madeirit e=10mm (h=2.20m) | E18: m² | F18: 165 | G18: 85.96 | H18: =G18*1.2985 -> 111.61906 | I18: =ROUND((F18*H18),2) -> 18417.14 | J18: 75X2,2 | K18: SOMENTE PARA FRENTE
A19: 1.6 | B19: 10009 | C19: SEDOP | D19: Locação da obra (execução de gabarito) | E19: m² | F19: 2929.11 | G19: 4.6 | H19: =G19*1.2985 -> 5.9731 | I19: =ROUND((F19*H19),2) -> 17495.87
A20: 1.7 | B20: 98525 | C20: SINAPI | D20: LIMPEZA MECANIZADA DE CAMADA VEGETAL, VEGETAÇÃO E PEQUENAS ÁRVORES (DIÂMETRO DE TRONCO MENOR QUE 0,20 M), COM TRATOR DE ESTEIRAS.AF_05/2018 | E20: m² | F20: 10000 | G20: 0.32 | H20: =G20*1.2985 -> 0.41552 | I20: =ROUND((F20*H20),2) -> 4155.2
A22: 2 | D22: ADMINISTRAÇÃO LOCAL DA OBRA | I22: =SUM(I23:I25) -> 331372.89 | AD22: =I415-I22 -> 7556580.5 | AE22: 1
A23: 2.1 | B23: 93565 | C23: SINAPI | D23: Engenheiro civil de obras junior com encargos complementares | E23: Mês | F23: 12 | G23: 14247.85 | H23: =G23*1.2985 -> 18500.833 | I23: =ROUND((F23*H23),2) -> 222010 | AD23: =I22 -> 331372.89 | AE23: x
A24: 2.2 | B24: 93572 | C24: SINAPI | D24: Encarregado de obras com encargos complementares | E24: Mês | F24: 12 | G24: 3234.54 | H24: =G24*1.2985 -> 4200.0502 | I24: =ROUND((F24*H24),2) -> 50400.6
A25: 2.3 | B25: 88326 | C25: SINAPI | D25: Vigia noturno com encargos compelemtares | E25: H | F25: 2112 | G25: 21.5 | H25: =G25*1.2985 -> 27.91775 | I25: =ROUND((F25*H25),2) -> 58962.29
A27: 3 | D27: MOVIMENTO DE TERRAS PARA FUNDAÇÕES | I27: =SUM(I28:I30) -> 42873.64
A28: 3.1 | B28: 93358 | C28: SINAPI | D28: ESCAVAÇÃO MANUAL DE VALA COM PROFUNDIDADE MENOR OU IGUAL A 1,30 M. AF_02/2021 | E28: m³ | F28: 373.5 | G28: 67.6 | H28: =G28*1.2985 -> 87.7786 | I28: =ROUND((F28*H28),2) -> 32785.31 | AD28: =AD23/AD22 -> 0.043852228
A29: 3.2 | B29: 101617 | C29: SINAPI | D29: PREPARO DE FUNDO DE VALA COM LARGURA MAIOR OU IGUAL A 1,5 M E MENOR QUE 2,5 M (ACERTO DO SOLO NATURAL). AF_08/2020 | E29: m² | F29: 256.2 | G29: 2.44 | H29: =G29*1.2985 -> 3.16834 | I29: =ROUND((F29*H29),2) -> 811.73
A30: 3.3 | B30: 93382 | C30: SINAPI | D30: REATERRO MANUAL DE VALAS COM COMPACTAÇÃO MECANIZADA. AF_04/2016 | E30: m³ | F30: 271.02 | G30: 26.36 | H30: =G30*1.2985 -> 34.22846 | I30: =ROUND((F30*H30),2) -> 9276.6
A32: 4 | D32: FUNDAÇÕES | I32: =SUM(I34:I36) -> 505805.96 | AJ32: =SUM(I23:I25) -> 331372.89
A33: 4.1 | D33: CONCRETO ARMADO PARA FUNDAÇÕES | I33: =SUM(I34:I36) -> 505805.96
A34: 4.1.1 | B34: 96619 | C34: SINAPI | D34: LASTRO DE CONCRETO MAGRO, APLICADO EM BLOCOS DE COROAMENTO OU SAPATAS, ESPESSURA DE 5 CM. AF_08/2017. | E34: m² | F34: ='MEMÓRIA DE CÁLCULO'!E29 -> 256.2 | G34: 28.32 | H34: =G34*1.2985 -> 36.77352 | I34: =ROUND((F34*H34),2) -> 9421.38
A35: 4.1.2 | B35: 40283 | C35: SEDOP | D35: Bloco em concreto armado p/ fundaçao (incl. forma) | E35: m³ | F35: 102.48 | G35: 2754.25 | H35: =G35*1.2985 -> 3576.3936 | I35: =ROUND((F35*H35),2) -> 366508.82
A36: 4.1.3 | B36: 40284 | C36: SEDOP | D36: Baldrame em concreto armado c/ cinta de amarração | E36: m³ | F36: ='MEMÓRIA DE CÁLCULO'!E31 -> 39.44 | G36: 2536 | H36: =G36*1.2985 -> 3292.996 | I36: =ROUND((F36*H36),2) -> 129875.76
A38: 5 | D38: SUPERESTRUTURA | I38: =SUM(I39,I41,I43,I45) -> 871076.46
A39: 5.1 | D39: CONCRETO ARMADO - VIGAS | I39: =SUM(I40) -> 427992.99
A40: 5.1.1 | B40: 50766 | C40: SEDOP | D40: Concreto armado fck=25MPA c/ forma mad. branca (incl. lançamento e adensamento) | E40: m³ | F40: ='MEMÓRIA DE CÁLCULO'!E34 -> 107.48 | G40: 3066.67 | H40: =G40*1.2985 -> 3982.071 | I40: =ROUND((F40*H40),2) -> 427992.99
A41: 5.2 | D41: CONCRETO ARMADO - LAJE | I41: =SUM(I42) -> 8427.32
A42: 5.2.1 | B42: 50713 | C42: SEDOP | D42: Laje pré-moldada (incl. capeamento) | E42: m² | F42: ='MEMÓRIA DE CÁLCULO'!E36 -> 67.45 | G42: 96.22 | H42: =G42*1.2985 -> 124.94167 | I42: =ROUND((F42*H42),2) -> 8427.32
A43: 5.3 | D43: CONCRETO ARMADO - PILARES | I43: =SUM(I44) -> 407923.35
A44: 5.3.1 | B44: 50766 | C44: SEDOP | D44: Concreto armado fck=25MPA c/ forma mad. branca (incl. lançamento e adensamento) | E44: m³ | F44: ='MEMÓRIA DE CÁLCULO'!E38 -> 102.44 | G44: 3066.67 | H44: =G44*1.2985 -> 3982.071 | I44: =ROUND((F44*H44),2) -> 407923.35
A45: 5.4 | D45: CONCRETO ARMADO - VERGAS E CONTRAVERGAS | I45: =SUM(I46) -> 26732.8
A46: 5.4.1 | B46: 93184 | C46: SINAPI | D46: VERGA PRÉ-MOLDADA PARA PORTAS COM ATÉ 1,5 M DE VÃO. AF_03/2016 | E46: m | F46: 633.85 | G46: 32.48 | H46: =G46*1.2985 -> 42.17528 | I46: =ROUND((F46*H46),2) -> 26732.8
A48: 6 | D48: SISTEMA DE VEDAÇÃO VERTICAL | I48: =SUM(I49,I51) -> 208078.23
A49: 6.1 | D49: ELEMENTOS VAZADOS | I49: =SUM(I50) -> 5639.78 | J49: (8+3). AF_11/2020
A50: 6.1.1 | B50: 101161 | C50: SINAPI | D50: ALVENARIA DE VEDAÇÃO COM ELEMENTO VAZADO DE CONCRETO (COBOGÓ) DE 7X50X50CM E ARGAMASSA DE ASSENTAMENTO COM PREPARO EM BETONEIRA. AF_05/2020 | E50: m² | F50: 24.72 | G50: 175.7 | H50: =G50*1.2985 -> 228.14645 | I50: =ROUND((F50*H50),2) -> 5639.78
A51: 6.2 | D51: ALVENARIA DE VEDAÇÃO | I51: =SUM(I52:I53) -> 202438.45
A52: 6.2.1 | B52: 87489 | C52: SINAPI | D52: ALVENARIA DE VEDAÇÃO DE BLOCOS CERÂMICOS FURADOS NA VERTICAL DE 9X19X39CM (ESPESSURA 9CM) DE PAREDES COM ÁREA LÍQUIDA MAIOR OU IGUAL A 6M² COM VÃOS E ARGAMASSA DE ASSENTAMENTO COM PREPARO EM BETONEIRA. AF_06/2014 | E52: m² | F52: ='MEMÓRIA DE CÁLCULO'!E45 -> 2087.25 | G52: 55.42 | H52: =G52*1.2985 -> 71.96287 | I52: =ROUND((F52*H52),2) -> 150204.5
A53: 6.2.2 | B53: 60813 | C53: SEDOP | D53: Divisória em granito cinza - incl. ferrag. de fixação | E53: m² | F53: 69.92 | G53: 575.32 | H53: =G53*1.2985 -> 747.05302 | I53: =ROUND((F53*H53),2) -> 52233.95
A55: 7 | D55: ESQUADRIAS | I55: =SUM(I56,I59,I63,I67,I69,I72,I78,I80) -> 370343.9
A56: 7.1 | D56: PORTAS DE MADEIRA | I56: =SUM(I57:I58) -> 48787.58
A57: 7.1.1 | B57: 90065 | C57: SEDOP | D57: Esquadria mad. e=3cm c/ caix. aduela e alizar | E57: m² | F57: 36.96 | G57: 503.95 | H57: =G57*1.2985 -> 654.37907 | I57: =ROUND((F57*H57),2) -> 24185.85 | J57: 13 PM2 + 8 PM3
A58: 7.1.2 | B58: 90063 | C58: SEDOP | D58: Porta mad. trabalhada c/ caix. aduela e alizar (COM VISOR DE VIDRO) | E58: m² | F58: 30.24 | G58: 626.53 | H58: =G58*1.2985 -> 813.5492 | I58: =ROUND((F58*H58),2) -> 24601.73 | J58: 18 PM1
A59: 7.2 | D59: FERRAGENS E ACESSÓRIOS | I59: =SUM(I60:I62) -> 12274.12 | J59: PORTAS DE VIDRO
A60: 7.2.1 | B60: 100874 | C60: SINAPI | D60: Barra de apoio 40 cm, aço inox polido, Deca ou equivalente - PM3 e PM5. PUXADOR PARA PCD, FIXADO NA PORTA - FORNECIMENTO E INSTALAÇÃO. AF_01/2020. | E60: un | F60: 14 | G60: 248.9 | H60: =G60*1.2985 -> 323.19665 | I60: =ROUND((F60*H60),2) -> 4524.75 | J60: 91379 | K60: SEDOP | L60: PV1 - Porta em vidro temperado c/ ferragens -(sem mola) | M60: m² | N60: =2*1.8*2.1 -> 7.56 | O60: 633.87 | P60: =O60*1.2985 -> 823.0802 | Q60: =ROUND((N60*P60),2) -> 6222.49
A61: 7.2.2 | B61: 100817 | C61: SEDOP | D61: Fechadura para porta externa | E61: un | F61: 39 | G61: 88.54 | H61: =G61*1.2985 -> 114.96919 | I61: =ROUND((F61*H61),2) -> 4483.8 | J61: GRADES DE FERRO
A62: 7.2.3 | B62: 101273 | C62: SEDOP | D62: Mola p/ porta de vidro | E62: un | F62: 4 | G62: 628.72 | H62: =G62*1.2985 -> 816.39292 | I62: =ROUND((F62*H62),2) -> 3265.57 | J62: GRADES DE FERRO
A63: 7.3 | D63: PORTAS DE ALUMÍNIO | I63: =SUM(I64:I66) -> 30489.86 | J63: 090071 | K63: SEDOP | L63: Grade de ferro 1/2" (incl. pint. anti-corrosiva) | M63: m² | N63: 41.64 | O63: 256.73 | P63: =O63*1.2985 -> 333.36391 | Q63: =ROUND((N63*P63),2) -> 13881.27
A64: 7.3.1 | B64: 91380 | C64: SEDOP | D64: Esquadria c/ venezianas de aluminio natural c/ ferragens | E64: m² | F64: 22.71 | G64: 936.3 | H64: =G64*1.2985 -> 1215.7855 | I64: =ROUND((F64*H64),2) -> 27610.49 | J64: 5 PA1 + 16 PA4
A65: 7.3.2 | B65: 94805 | C65: SINAPI | D65: PA2 - Porta de abrir - 80x210 em chapa de alumínio com veneziana e vidro mini boreal- conforme projeto de esquadrias, inclusive ferragens e vidro. PORTA DE ALUMÍNIO DE ABRIR PARA VIDRO SEM GUARNIÇÃO, 87X210CM, FIXAÇÃO COM PARAFUSOS, INCLUSIVE VIDROS - FORNECIMENTO E INSTALAÇÃO. AF_12/2019. | E65: un | F65: 2 | G65: 633.87 | H65: =G65*1.2985 -> 823.0802 | I65: =ROUND((F65*H65),2) -> 1646.16
A66: 7.3.3 | B66: 91341 | C66: SINAPI | D66: PA3 - Porta de abrir - 120x210 em chapa de alumínio com veneziana e vidro mini boreal- conforme projeto de esquadrias, inclusive ferragens e vidro. PORTA EM ALUMÍNIO DE ABRIR TIPO VENEZIANA COM GUARNIÇÃO, FIXAÇÃO COM PARAFUSOS - FORNECIMENTO E INSTALAÇÃO. AF_12/2019. | E66: un | F66: 2 | G66: 474.86 | H66: =G66*1.2985 -> 616.60571 | I66: =ROUND((F66*H66),2) -> 1233.21
A67: 7.4 | D67: PORTAS DE VIDRO | I67: =SUM(I68) -> 6222.49
A68: 7.4.1 | B68: 91379 | C68: SEDOP | D68: PV1 - Porta em vidro temperado c/ ferragens -(sem mola) | E68: m² | F68: =2*1.8*2.1 -> 7.56 | G68: 633.87 | H68: =G68*1.2985 -> 823.0802 | I68: =ROUND((F68*H68),2) -> 6222.49
A69: 7.5 | D69: JANELAS | I69: =SUM(I70:I71) -> 165953.6
A70: 7.5.1 | B70: 91512 | C70: SEDOP | D70: Esquadria de correr em vidro temperado de 8mm | E70: m² | F70: ='MEMÓRIA DE CÁLCULO'!E61 -> 204.28 | G70: 625.24 | H70: =G70*1.2985 -> 811.87414 | I70: =ROUND((F70*H70),2) -> 165849.65 | J70: GUARNICAO/MOLDURA DE ACABAMENTO PARA ESQUADRIA DE ALUMINIO ANODIZADO NATURAL, PARA 1 FACE
A71: 7.5.2 | B71: 251530 | C71: SEDOP | D71: Tela de nylon de proteção - fixada na esquadria.Tela de nylon. | E71: m² | F71: 4.2 | G71: 19.06 | H71: =G71*1.2985 -> 24.74941 | I71: =ROUND((F71*H71),2) -> 103.95
A72: 7.6 | D72: PORTÕES METÁLICOS | I72: =SUM(I73:I77) -> 12857.88
A73: 7.6.1 | B73: 100701 | C73: SINAPI | D73: PT1 - Portão de abrir 2,05x1,80m, em gradil metálico belgo ou similar, conforme projeto de esquadrias, inclusive ferragens. PORTA DE FERRO, DE ABRIR, TIPO GRADE COM CHAPA, COM GUARNIÇÕES. AF_12/2019. | E73: m² | F73: 3.69 | G73: 563.37 | H73: =G73*1.2985 -> 731.53594 | I73: =ROUND((F73*H73),2) -> 2699.37
A74: 7.6.2 | B74: 91341 | C74: SINAPI | D74: PT2 - PORTA EM ALUMÍNIO DE ABRIR TIPO VENEZIANA COM GUARNIÇÃO DE 180X180, FIXAÇÃO COM PARAFUSOS - FORNECIMENTO E INSTALAÇÃO. AF_12/2019. Conforme projeto de esquadrias, inclusive ferragens | E74: m² | F74: 3.24 | G74: 474.86 | H74: =G74*1.2985 -> 616.60571 | I74: =ROUND((F74*H74),2) -> 1997.8
A75: 7.6.3 | B75: 91341 | C75: SINAPI | D75: PT3 - PORTA EM ALUMÍNIO DE ABRIR TIPO VENEZIANA COM GUARNIÇÃO DE 100X180, FIXAÇÃO COM PARAFUSOS - FORNECIMENTO E INSTALAÇÃO. AF_12/2019. Conforme projeto de esquadrias, inclusive ferragens | E75: m² | F75: 3.6 | G75: 474.86 | H75: =G75*1.2985 -> 616.60571 | I75: =ROUND((F75*H75),2) -> 2219.78
A76: 7.6.4 | B76: 91500 | C76: SEDOP | D76: PT4 - Portão de abrir 1,20x1,80m, em gradil metálico belgo ou similar, conforme projeto de esquadrias, inclusive ferragens. Portão em grade c/ chapa de ferro 3/16" - incl. ferragens e pintura antiferruginosa. | E76: m² | F76: 2.16 | G76: 908.91 | H76: =G76*1.2985 -> 1180.2196 | I76: =ROUND((F76*H76),2) -> 2549.27
A77: 7.6.5 | B77: 37561 | C77: SINAPI INSUMO | D77: PT5 - Portão de correr 3x1,80m, em gradil metálico belgo ou similar, conforme projeto de esquadrias, inclusive ferragens. PORTAO DE CORRER EM CHAPA TIPO PAINEL LAMBRIL QUADRADO, COM PORTA SOCIAL COMPLETA INCLUIDA, COM REQUADRO, ACABAMENTO NATURAL, COM TRILHOS E ROLDANAS. | E77: m² | F77: 5.4 | G77: 483.7 | H77: =G77*1.2985 -> 628.08445 | I77: =ROUND((F77*H77),2) -> 3391.66
A78: 7.7 | D78: GRADES DE FERRO | I78: =SUM(I79) -> 28515.95
A79: 7.7.1 | B79: 090071 | C79: SEDOP | D79: Grade de ferro 1/2" (incl. pint. anti-corrosiva) | E79: m² | F79: 85.54 | G79: 256.73 | H79: =G79*1.2985 -> 333.36391 | I79: =ROUND((F79*H79),2) -> 28515.95
A80: 7.8 | D80: GRADIL METÁLICO | I80: =SUM(I81) -> 65242.42
A81: 7.8.1 | B81: 250582 | C81: SEDOP | D81: Gradil metálico em tela de arame galvanizado e malha quadrangular. Tela de arame galv.fio 12#2" fix.c/cant.de ferro(p/ muro). | E81: m² | F81: ='MEMÓRIA DE CÁLCULO'!E72 -> 130.14 | G81: 386.08 | H81: =G81*1.2985 -> 501.32488 | I81: =ROUND((F81*H81),2) -> 65242.42
A83: 8 | D83: FORRO | I83: =SUM(I84:I84) -> 112069.56
A84: 8.1 | B84: 140240 | C84: SEDOP | D84: Forro em PVC 100mm entarugamento - metalico | E84: m² | F84: ='MEMÓRIA DE CÁLCULO'!E74 -> 1087.4 | G84: 79.37 | H84: =G84*1.2985 -> 103.06195 | I84: =ROUND((F84*H84),2) -> 112069.56
A86: 9 | D86: SISTEMAS DE COBERTURA | I86: =SUM(I87:I90) -> 1490277
A87: 9.1 | B87: 71361 | C87: SEDOP | D87: Estrutura metálica p/ cobertura - 2 águas-vão 20m | E87: m² | F87: ='MEMÓRIA DE CÁLCULO'!E76 -> 2918.29 | G87: 276.48 | H87: =G87*1.2985 -> 359.00928 | I87: =ROUND((F87*H87),2) -> 1047693.2
A88: 9.2 | B88: 7243 | C88: SINAPI INSUMO | D88: TELHA TRAPEZOIDAL EM ACO ZINCADO, SEM PINTURA, ALTURA DE APROXIMADAMENTE 40 MM, ESPESSURA DE 0,50 MM E LARGURA UTIL DE 980 MM. | E88: m² | F88: ='MEMÓRIA DE CÁLCULO'!E77 -> 330.78 | G88: 71.08 | H88: =G88*1.2985 -> 92.29738 | I88: =ROUND((F88*H88),2) -> 30530.13
A89: 9.3 | B89: 71497 | C89: SEDOP | D89: Cobertura -Telha termoacústica | E89: m² | F89: ='MEMÓRIA DE CÁLCULO'!E78 -> 2587.51 | G89: 120.92 | H89: =G89*1.2985 -> 157.01462 | I89: =ROUND((F89*H89),2) -> 406276.9
A90: 9.4 | B90: 94231 | C90: SINAPI | D90: RUFO EM CHAPA DE AÇO GALVANIZADO NÚMERO 24, CORTE DE 25 CM, INCLUSO TRANSPORTE VERTICAL. AF_07/2019. | E90: m | F90: 82.6 | G90: 53.86 | H90: =G90*1.2985 -> 69.93721 | I90: =ROUND((F90*H90),2) -> 5776.81
A92: 10 | D92: IMPERMEABILIZAÇÃO | I92: =SUM(I93) -> 28998.51
A93: 10.1 | B93: 80314 | C93: SEDOP | D93: Impermeabilização asfáltica para concreto e alvenaria (3 demãos) | E93: m² | F93: 737.04 | G93: 30.3 | H93: =G93*1.2985 -> 39.34455 | I93: =ROUND((F93*H93),2) -> 28998.51
A95: 11 | D95: REVESTIMENTOS INTERNOS E EXTERNOS | I95: =SUM(I96:I99) -> 250499.75
A96: 11.1 | B96: 87878 | C96: SINAPI | D96: Chapisco em parede com argamassa traço - 1:3 (cimento / areia). CHAPISCO APLICADO EM ALVENARIAS E ESTRUTURAS DE CONCRETO INTERNAS, COMCOLHER DE PEDREIRO. ARGAMASSA TRAÇO 1:3 COM PREPARO MANUAL. AF_06/2014. | E96: m² | F96: 4174.5 | G96: 4.15 | H96: =G96*1.2985 -> 5.388775 | I96: =ROUND((F96*H96),2) -> 22495.44
A97: 11.2 | B97: 87792 | C97: SINAPI | D97: Emboço, com argamassa traço - 1:2:9 (cimento / cal / areia), espessura 2 cm. EMBOÇO OU MASSA ÚNICA EM ARGAMASSA TRAÇO 1:2:8, PREPARO MECÂNICO COM BETONEIRA 400 L, APLICADA MANUALMENTE EM PANOS CEGOS DE FACHADA (SEM PRESENÇA DE VÃOS), ESPESSURA DE 25 MM. AF_06/2014. | E97: m² | F97: 990.77 | G97: 38.88 | H97: =G97*1.2985 -> 50.48568 | I97: =ROUND((F97*H97),2) -> 50019.7
A98: 11.3 | B98: 87543 | C98: SINAPI | D98: Reboco para paredes internas, externas, vigas, traço 1:4,5 - espessura 0,5 cm. MASSA ÚNICA, PARA RECEBIMENTO DE PINTURA OU CERÂMICA, ARGAMASSA INDUSTRIALIZADA, PREPARO MECÂNICO, APLICADO COM EQUIPAMENTO DE MISTURA E PROJEÇÃO DE 1,5 M3/H EM FACES INTERNAS DE PAREDES, ESPESSURA DE 5MM, SEMEXECUÇÃO DE TALISCAS. AF_06/2014. | E98: m² | F98: 3183.73 | G98: 22.43 | H98: =G98*1.2985 -> 29.125355 | I98: =ROUND((F98*H98),2) -> 92727.27 | J98: =F96-F99 -> 3183.73 | AD98: =990.77/2.67 -> 371.07491
A99: 11.4 | B99: 87273 | C99: SINAPI | D99: Revestimento cerâmico de paredes PEI IV- cerâmica 30 x 40 cm aplicado com argamassa industrializada- incl. rejunte - conforme projeto. REVESTIMENTO CERÂMICO PARA PAREDES INTERNAS COM PLACAS TIPO ESMALTADAEXTRA DE DIMENSÕES 33X45 CM APLICADAS EM AMBIENTES DE ÁREA MAIOR QUE 5M² NA ALTURA INTEIRA DAS PAREDES. AF_06/2014. | E99: m² | F99: 990.77 | G99: 66.27 | H99: =G99*1.2985 -> 86.051595 | I99: =ROUND((F99*H99),2) -> 85257.34
A101: 12 | D101: SISTEMAS DE PISOS | I101: =SUM(I102,I111) -> 895258.48
A102: 12.1 | D102: PAVIMENTAÇÃO INTERNA | I102: =SUM(I103:I110) -> 659572.98
A103: 12.1.1 | B103: 130507 | C103: SEDOP | D103: Camada impermeabilizadora e=10cm c/ seixo | E103: m² | F103: 2863.27 | G103: 57.88 | H103: =G103*1.2985 -> 75.15718 | I103: =ROUND((F103*H103),2) -> 215195.3 | J103: =F105+F106 -> 2863.27
A104: 12.1.2 | B104: 130110 | C104: SEDOP | D104: Camada regularizadora no traço 1:4 | E104: m² | F104: 177.42 | G104: 33.45 | H104: =G104*1.2985 -> 43.434825 | I104: =ROUND((F104*H104),2) -> 7706.21
A105: 12.1.3 | B105: 87251 | C105: SINAPI | D105: Piso cerâmico esmaltado PEI V - 40 x 40 cm aplicado com argamassa industrializada - incl. rejunte - Branco antiderrapante - conforme projeto. REVESTIMENTO CERÂMICO PARA PISO COM PLACAS TIPO ESMALTADA EXTRA DE DIMENSÕES 45X45 CM APLICADA EM AMBIENTES DE ÁREA MAIOR QUE 10 M2. AF_06/2014. | E105: m² | F105: 177.42 | G105: 54.24 | H105: =G105*1.2985 -> 70.43064 | I105: =ROUND((F105*H105),2) -> 12495.8
A106: 12.1.4 | B106: 130626 | C106: SEDOP | D106: Piso de alta resistência e=8mm c/ resina incl. camada regularizadora | E106: m² | F106: 2685.85 | G106: 103.85 | H106: =G106*1.2985 -> 134.84922 | I106: =ROUND((F106*H106),2) -> 362184.79
A107: 12.1.5 | B107: 130890 | C107: SEDOP | D107: Piso de borracha tátil (16 un) - Interno | E107: m² | F107: 143.37 | G107: 257.07 | H107: =G107*1.2985 -> 333.80539 | I107: =ROUND((F107*H107),2) -> 47857.68
A108: 12.1.6 | B108: 130728 | C108: SEDOP | D108: PisoTátil direcional na cor amarelo 25x25 premoldado (16 unidades). - Externo | E108: m² | F108: 5.58 | G108: 111.1 | H108: =G108*1.2985 -> 144.26335 | I108: =ROUND((F108*H108),2) -> 804.99
A109: 12.1.7 | B109: 98689 | C109: SINAPI | D109: Soleira em granito cinza andorinha, L=15cm, E=2cm | E109: m | F109: 30.9 | G109: 58.16 | H109: =G109*1.2985 -> 75.52076 | I109: =ROUND((F109*H109),2) -> 2333.59
A110: 12.1.8 | B110: 120688 | C110: SEDOP | D110: Rodapé de alta resistência (incl. polimento) | E110: m | F110: 815.72 | G110: 10.38 | H110: =G110*1.2985 -> 13.47843 | I110: =ROUND((F110*H110),2) -> 10994.62
A111: 12.2 | D111: PAVIMENTAÇÃO EXTERNA | I111: =SUM(I112:I116) -> 235685.5
A112: 12.2.1 | B112: 94996 | C112: SINAPI | D112: Passeio em concreto desempenado com junta plastica a cada 1,20m, e = 10cm. EXECUÇÃO DE PASSEIO (CALÇADA) OU PISO DE CONCRETO COM CONCRETO MOLDADO IN LOCO, FEITO EM OBRA, ACABAMENTO CONVENCIONAL, ESPESSURA 10 CM, ARMADO. AF_07/2016. | E112: m² | F112: 435.79 | G112: 122.95 | H112: =G112*1.2985 -> 159.65058 | I112: =ROUND((F112*H112),2) -> 69574.12
A113: 12.2.2 | B113: 94996 | C113: SINAPI | D113: Rampa de acesso em concreto não estrutural. EXECUÇÃO DE PASSEIO (CALÇADA) OU PISO DE CONCRETO COM CONCRETO MOLDADO IN LOCO, FEITO EM OBRA, ACABAMENTO CONVENCIONAL, ESPESSURA 10 CM, ARMADO. AF_07/2016. | E113: m² | F113: 63.05 | G113: 122.95 | H113: =G113*1.2985 -> 159.65058 | I113: =ROUND((F113*H113),2) -> 10065.97
A114: 12.2.3 | B114: 94263 | C114: SINAPI | D114: Meio-fio concreto, moldado in loco, 11,5cm base x 22cm altura. GUIA (MEIO-FIO) CONCRETO, MOLDADA IN LOCO EM TRECHO RETO COM EXTRUSORA, 13 CM BASE X 22 CM ALTURA. AF_06/2016. | E114: m | F114: 241.96 | G114: 29.96 | H114: =G114*1.2985 -> 38.90306 | I114: =ROUND((F114*H114),2) -> 9412.98
A115: 12.2.4 | B115: 100324 | C115: SINAPI | D115: Lastro de brita para o estacionamento. LASTRO COM MATERIAL GRANULAR (PEDRA BRITADA N.1 E PEDRA BRITADA N.2),APLICADO EM PISOS OU LAJES SOBRE SOLO, ESPESSURA DE *10 CM*. AF_07/2019. | E115: m³ | F115: 16.38 | G115: 140.83 | H115: =G115*1.2985 -> 182.86776 | I115: =ROUND((F115*H115),2) -> 2995.37
A116: 12.2.5 | B116: 92396 | C116: SINAPI | D116: Pavimetação em blocos intertravado de concreto, assentados sobre colchão de areia. EXECUÇÃO DE PASSEIO EM PISO INTERTRAVADO, COM BLOCO RETANGULAR COR NATURAL DE 20 X 10 CM, ESPESSURA 6 CM. AF_12/2015. | E116: m² | F116: 1707.59 | G116: 64.78 | H116: =G116*1.2985 -> 84.11683 | I116: =ROUND((F116*H116),2) -> 143637.06
A118: 13 | D118: PINTURAS E ACABAMENTOS | I118: =SUM(I119:I124) -> 135889.95
A119: 13.1 | B119: 88497 | C119: SINAPI | D119: Emassamento de paredes internas com massa PVA - 02 demãos. APLICAÇÃO MANUAL DE MASSA ACRÍLICA EM PANOS DE FACHADA SEM PRESENÇA DEVÃOS, DE EDIFÍCIOS DE MÚLTIPLOS PAVIMENTOS, DUAS DEMÃOS. AF_05/2017. | E119: m² | F119: 1321.54 | G119: 14.29 | H119: =G119*1.2985 -> 18.555565 | I119: =ROUND((F119*H119),2) -> 24521.92
...

Sheet CUSTO UNITÁRIO
A7: PROPRIETÁRIO: MUNICÍPIO DE ITAITUBA | F7: DATA DA EXPEDIÇÃO: | G7: 44543
A8: LOCAL DA OBRA: CONSTRUÇÃO DE UMA ESCOLA DE 12 SALAS DE AULAS E UMA QUADRA POLIESPORTIVA COBERTA - EM MORAES DE ALMEIDA | F8: VALOR DA OBRA
A9: TABELA SINAPI/PA - 10/2021 SEDOP 09/2021 COM DESONERAÇAO | D9: B.D.I (29,85%) | F9: 7887953.4
A11: 1.1 11340 - Placa de obra em lona com plotagem de gráfica - m²
A12: MATERIAL | C12: FONTE | D12: UNID | E12: COEFICENTE | F12: PREÇO UNITÁRIO | G12: TOTAL
A13: D00475 | B13: Lona com plotagem de gráfica | C13: SEDOP | D13: M2 | E13: 1,0000000 | F13: 97 | G13: 97
A14: D00084 | B14: Prego 1 1/2"x13 | C14: SEDOP | D14: KG | E14: 0.1 | F14: 16.39 | G14: 1.64
A15: D00281 | B15: Pernamanca 3" x 2" 4 m - madeira branca | C15: SEDOP | D15: DZ | E15: 0.41 | F15: 150 | G15: 61.5
A16: 280013 | B16: CARPINTEIRO COM ENCARGOS COMPLEMENTARES | C16: SEDOP | D16: H | E16: 0.4 | F16: 20.04 | G16: 8.02
A17: 280026 | B17: SERVENTE COM ENCARGOS COMPLEMENTARES | C17: SEDOP | D17: H | E17: 0.4 | F17: 16.02 | G17: 6.41
F18: TOTAL C/ ENCARGOS S/ BDI | G18: =SUM(G13:G17) -> 174.57
A19: 1.2 100000 -Licenças e taxas da obra (acima de 500m2)
A20: MATERIAL | C20: FONTE | D20: UNID | E20: COEFICENTE | F20: PREÇO UNITÁRIO | G20: TOTAL
A21: D00322 | B21: Ligação provisória - luz | C21: SEDOP | D21: UND | E21: 1 | F21: 204.68 | G21: =F21 -> 204.68
A22: D00323 | B22: Taxa do CREA (I) | C22: SEDOP | D22: UND | E22: 1 | F22: 967.26 | G22: =F22 -> 967.26
A23: D00321 | B23: Ligação provisoria - agua/esgoto | C23: SEDOP | D23: UND | E23: 1 | F23: 432.1 | G23: =F23 -> 432.1
A24: D00342 | B24: Taxas da PMB (I) | C24: SEDOP | D24: CJ | E24: 1 | F24: 9881.85 | G24: =F24 -> 9881.85
A25: D00343 | B25: Taxa de Incêndio | C25: SEDOP | D25: UND | E25: 1 | F25: 1136.43 | G25: =F25 -> 1136.43
F26: TOTAL C/ ENCARGOS S/ BDI | G26: =SUM(G21:G25) -> 12622.32
A27: 1.3 10767 - Barracão de madeira (incl. instalações)
A28: MATERIAL | C28: FONTE | D28: UNID | E28: COEFICENTE | F28: PREÇO UNITÁRIO | G28: TOTAL
A29: D00015 | B29: Tábua de madeira forte 4m | C29: SEDOP | D29: DZ | E29: 0.14 | F29: 160 | G29: =F29*E29 -> 22.4
A30: D00061 | B30: Fechadura de sobrepor comum | C30: SEDOP | D30: UND | E30: 0.02 | F30: 52.5 | G30: =F30*E30 -> 1.05
A31: D00001 | B31: Parafuso fo go 5/16" c= 110mm | C31: SEDOP | D31: UND | E31: 0.04 | F31: 1.43 | G31: =F31*E31 -> 0.0572
A32: D00060 | B32: Aldrava p/ cadeado (4x1/2") | C32: SEDOP | D32: UND | E32: 0.02 | F32: 6.09 | G32: =F32*E32 -> 0.1218
A33: D00344 | B33: Arruela concava em PVC d=5/16" | C33: SEDOP | D33: UND | E33: 0.5 | F33: 0.65 | G33: =F33*E33 -> 0.325
A34: D00019 | B34: Régua 3"x1" 4 m apar. | C34: SEDOP | D34: DZ | E34: 0.05 | F34: 245 | G34: =F34*E34 -> 12.25
A35: D00081 | B35: Prego 2 1/2"x10 | C35: SEDOP | D35: KG | E35: 0.5 | F35: 12.43 | G35: =F35*E35 -> 6.215
A36: D00016 | B36: Tábua de madeira branca 4m | C36: SEDOP | D36: DZ | E36: 0.38 | F36: 75 | G36: =F36*E36 -> 28.5
A37: D00281 | B37: Pernamanca 3" x 2" 4 m - madeira branca | C37: SEDOP | D37: DZ | E37: 0.17 | F37: 150 | G37: =F37*E37 -> 25.5
A38: D00062 | B38: Dobradiça 3"x3" com parafuso | C38: SEDOP | D38: UND | E38: 0.19 | F38: 14.65 | G38: =F38*E38 -> 2.7835
A39: D00002 | B39: Massa de vedação | C39: SEDOP | D39: KG | E39: 0.042 | F39: 12.5 | G39: =F39*E39 -> 0.525
A40: D00059 | B40: Cadeado No. 30 | C40: SEDOP | D40: UND | E40: 0.02 | F40: 20 | G40: =F40*E40 -> 0.4
A41: D00049 | B41: Telha fibrotex (1.22x0.55m) e=4mm | C41: SEDOP | D41: UND | E41: 0.82 | F41: 14.5 | G41: =F41*E41 -> 11.89
A42: 170081 | B42: Ponto de luz / força (c/tubul., cx. e fiaçao) ate 200W | C42: SEDOP | D42: PT | E42: 0.15 | F42: 221.14 | G42: =F42*E42 -> 33.171
A43: 180093 | B43: Caixa sifonada de PVC c/ grelha - 100x100x50mm | C43: SEDOP | D43: UND | E43: 0.125 | F43: 19.26 | G43: =F43*E43 -> 2.4075
A44: 180095 | B44: Registro de gaveta s/ canopla - 1/2" | C44: SEDOP | D44: UND | E44: 0.025 | F44: 63.6 | G44: =F44*E44 -> 1.59
A45: 180102 | B45: Tubo em PVC - 100mm (LS) | C45: SEDOP | D45: M | E45: 0.15 | F45: 36.04 | G45: =F45*E45 -> 5.406
A46: 180103 | B46: Tubo em PVC - 75mm (LS) | C46: SEDOP | D46: M | E46: 0.15 | F46: 29.76 | G46: =F46*E46 -> 4.464
A47: 180299 | B47: Ponto de agua (incl. tubos e conexoes) | C47: SEDOP | D47: PT | E47: 0.15 | F47: 449.67 | G47: =F47*E47 -> 67.4505
A48: 180349 | B48: Fossa septica pre-moldada cap= 10 pessoas | C48: SEDOP | D48: UND | E48: 0.025 | F48: 1389.67 | G48: =F48*E48 -> 34.74175
A49: 180350 | B49: Sumidouro pre-moldado cap= 10 pessoas | C49: SEDOP | D49: UND | E49: 0.025 | F49: 1291.86 | G49: =F49*E49 -> 32.2965
A50: 180352 | B50: Caixa em alvenaria de 60x60x80cm c/ tpo. concreto | C50: SEDOP | D50: UND | E50: 0.05 | F50: 585.23 | G50: =F50*E50 -> 29.2615
A51: 190090 | B51: Bacia sifonada de louça c/ assento | C51: SEDOP | D51: UND | E51: 0.05 | F51: 400.2 | G51: =F51*E51 -> 20.01
A52: 190218 | B52: Chuveiro em PVC | C52: SEDOP | D52: UND | E52: 0.05 | F52: 28.46 | G52: =F52*E52 -> 1.423
A53: 190224 | B53: Caixa de descarga plastica - externa | C53: SEDOP | D53: UND | E53: 0.05 | F53: 134.96 | G53: =F53*E53 -> 6.748
... A56: 280026 | B56: SERVENTE COM ENCARGOS COMPLEMENTARES | C56: SEDOP | D56: H | E56: 6 | F56: 16.02 | G56: =F56*E56 -> 96.12
F57: TOTAL C/ ENCARGOS S/ BDI | G57: =SUM(G29:G56) -> 528.88925
A58: 1.4 10005- Barracão de madeira/Almoxarifado
A59: MATERIAL | C59: FONTE | D59: UNID | E59: COEFICENTE | F59: PREÇO UNITÁRIO | G59: TOTAL
A60: D00015 | B60: Tábua de madeira forte 4m | C60: SEDOP | D60: DZ | E60: 0.14 | F60: 160 | G60: =F60*E60 -> 22.4
A61: D00061 | B61: Fechadura de sobrepor comum | C61: SEDOP | D61: UND | E61: 0.02 | F61: 52.5 | G61: =F61*E61 -> 1.05
A62: D00001 | B62: Parafuso fo go 5/16" c= 110mm | C62: SEDOP | D62: UND | E62: 0.04 | F62: 1.43 | G62: =F62*E62 -> 0.0572
A63: D00060 | B63: Aldrava p/ cadeado (4x1/2") | C63: SEDOP | D63: UND | E63: 0.02 | F63: 6.09 | G63: =F63*E63 -> 0.1218
A64: D00344 | B64: Arruela concava em PVC d=5/16" | C64: SEDOP | D64: UND | E64: 0.5 | F64: 0.65 | G64: =F64*E64 -> 0.325
A65: D00019 | B65: Régua 3"x1" 4 m apar. | C65: SEDOP | D65: DZ | E65: 0.05 | F65: 245 | G65: =F65*E65 -> 12.25
A66: D00081 | B66: Prego 2 1/2"x10 | C66: SEDOP | D66: KG | E66: 0.5 | F66: 12.43 | G66: =F66*E66 -> 6.215
A67: D00016 | B67: Tábua de madeira branca 4m | C67: SEDOP | D67: DZ | E67: 0.38 | F67: 75 | G67: =F67*E67 -> 28.5
A68: D00281 | B68: Pernamanca 3" x 2" 4 m - madeira branca | C68: SEDOP | D68: DZ | E68: 0.17 | F68: 150 | G68: =F68*E68 -> 25.5
A69: D00062 | B69: Dobradiça 3"x3" com parafuso | C69: SEDOP | D69: UND | E69: 0.19 | F69: 14.65 | G69: =F69*E69 -> 2.7835
A70: D00002 | B70: Massa de vedação | C70: SEDOP | D70: KG | E70: 0.042 | F70: 12.5 | G70: =F70*E70 -> 0.525
A71: D00059 | B71: Cadeado No. 30 | C71: SEDOP | D71: UND | E71: 0.02 | F71: 20 | G71: =F71*E71 -> 0.4
A72: D00049 | B72: Telha fibrotex (1.22x0.55m) e=4mm | C72: SEDOP | D72: UND | E72: 0.82 | F72: 14.5 | G72: =F72*E72 -> 11.89
A73: 280013 | B73: CARPINTEIRO COM ENCARGOS COMPLEMENTARES | C73: SEDOP | D73: H | E73: 3 | F73: 20.04 | G73: =F73*E73 -> 60.12
A74: 280026 | B74: SERVENTE COM ENCARGOS COMPLEMENTARES | C74: SEDOP | D74: H | E74: 6 | F74: 16.02 | G74: =F74*E74 -> 96.12
F75: TOTAL C/ ENCARGOS S/ BDI | G75: =SUM(G60:G74) -> 268.2575
A76: 1.5 1003 - Tapume c/ chapa de madeirit e=10mm (h=2.20m)
A77: MATERIAL | C77: FONTE | D77: UNID | E77: COEFICENTE | F77: PREÇO UNITÁRIO | G77: TOTAL
A78: D00105 | B78: Compensado e=10mm | C78: SEDOP | D78: M2 | E78: 1.05 | F78: 26.7 | G78: =F78*E78 -> 28.035
A79: D00081 | B79: Prego 2 1/2"x10 | C79: SEDOP | D79: KG | E79: 0.14 | F79: 12.43 | G79: =F79*E79 -> 1.7402
A80: D00281 | B80: Pernamanca 3" x 2" 4 m - madeira branca | C80: SEDOP | D80: DZ | E80: 0.135 | F80: 150 | G80: =F80*E80 -> 20.25
A81: P00011 | B81: Cal virgem | C81: SEDOP | D81: KG | E81: 0.4 | F81: 1.8 | G81: =F81*E81 -> 0.72
A82: 280013 | B82: CARPINTEIRO COM ENCARGOS COMPLEMENTARES | C82: SEDOP | D82: H | E82: 0.8 | F82: 20.04 | G82: =F82*E82 -> 16.032
A83: 280024 | B83: PINTOR COM ENCARGOS COMPLEMENTARES | C83: SEDOP | D83: H | E83: 0.3 | F83: 21.21 | G83: =F83*E83 -> 6.363
A84: 280026 | B84: SERVENTE COM ENCARGOS COMPLEMENTARES | C84: SEDOP | D84: H | E84: 0.8 | F84: 16.02 | G84: =F84*E84 -> 12.816
F85: TOTAL C/ ENCARGOS S/ BDI | G85: =SUM(G78:G84) -> 85.9562
A86: 1.6 10009 -Locação da obra (execução de gabarito)
A87: MATERIAL | C87: FONTE | D87: UNID | E87: COEFICENTE | F87: PREÇO UNITÁRIO | G87: TOTAL
A88: D00081 | B88: Prego 2 1/2"x10 | C88: SEDOP | D88: KG | E88: 0.003 | F88: 12.43 | G88: =F88*E88 -> 0.03729
A89: D00043 | B89: Arame recozido No. 18 | C89: SEDOP | D89: KG | E89: 0.002 | F89: 13.5 | G89: =F89*E89 -> 0.027
A90: D00016 | B90: Tábua de madeira branca 4m | C90: SEDOP | D90: DZ | E90: 0.01 | F90: 75 | G90: =F90*E90 -> 0.75
A91: D00281 | B91: Pernamanca 3" x 2" 4 m - madeira branca | C91: SEDOP | D91: DZ | E91: 0.01 | F91: 150 | G91: =F91*E91 -> 1.5
A92: D00238 | B92: Linha de nylon no. 80 | C92: SEDOP | D92: RL | E92: 0.01 | F92: 8.45 | G92: =F92*E92 -> 0.0845
A93: 280013 | B93: CARPINTEIRO COM ENCARGOS COMPLEMENTARES | C93: SEDOP | D93: H | E93: 0.07 | F93: 20.04 | G93: =F93*E93 -> 1.4028
A94: 280026 | B94: SERVENTE COM ENCARGOS COMPLEMENTARES | C94: SEDOP | D94: H | E94: 0.05 | F94: 16.02 | G94: =F94*E94 -> 0.801
F95: TOTAL C/ ENCARGOS S/ BDI | G95: =SUM(G88:G94) -> 4.60259
A96: 1.7 98525 - LIMPEZA MECANIZADA DE CAMADA VEGETAL, VEGETAÇÃO E PEQUENAS ÁRVORES (DIÂMETRO DE TRONCO MENOR QUE 0,20 M), COM TRATOR DE ESTEIRAS.AF_05/2018
A97: MATERIAL | C97: FONTE | D97: UNID | E97: COEFICENTE | F97: PREÇO UNITÁRIO | G97: TOTAL
A98: 88316 | B98: SERVENTE COM ENCARGOS COMPLEMENTARES | C98: SINAPI | D98: H | E98: 0.003 | F98: 17.09 | G98: =F98*E98 -> 0.05127
A99: 88441 | B99: JARDINEIRO COM ENCARGOS COMPLEMENTARES | C99: SINAPI | D99: H | E99: 0.003 | F99: 20.63 | G99: =F99*E99 -> 0.06189
A100: 89031 | B100: TRATOR DE ESTEIRAS, POTÊNCIA 100 HP, PESO OPERACIONAL 9,4 T, COM LÂMINA 2,19 M3 - CHI DIURNO. AF_06/2014 | C100: SINAPI | D100: CHI | E100: 0.0024 | F100: 51.62 | G100: =F100*E100 -> 0.123888
A101: 89032 | B101: TRATOR DE ESTEIRAS, POTÊNCIA 100 HP, PESO OPERACIONAL 9,4 T, COM LÂMINA 2,19 M3 - CHP DIURNO. AF_06/2014 | C101: SINAPI | D101: CHP | E101: 0.0006 | F101: 153.65 | G101: =F101*E101 -> 0.09219
F102: TOTAL C/ ENCARGOS S/ BDI | G102: =SUM(G98:G101) -> 0.329238
A103: 2.1 93565 - Engenheiro civil de obras junior com encargos complementares
A104: MATERIAL | C104: FONTE | D104: UNID | E104: COEFICENTE | F104: PREÇO UNITÁRIO | G104: TOTAL
A105: 40811 | B105: ENGENHEIRO CIVIL DE OBRA JUNIOR (MENSALISTA) | C105: SINAPI | D105: MES | E105: 1 | F105: 13832.39 | G105: =F105*E105 -> 13832.39
A106: 40863 | B106: EXAMES - MENSALISTA (COLETADO CAIXA) | C106: =C105 -> SINAPI | D106: MES | E106: 1 | F106: 152.35 | G106: =F106*E106 -> 152.35
A107: 40864 | B107: SEGURO - MENSALISTA (COLETADO CAIXA) | C107: =C106 -> SINAPI | D107: MES | E107: 1 | F107: 11.8 | G107: =F107*E107 -> 11.8
A108: 43474 | B108: FERRAMENTAS - FAMILIA ENGENHEIRO CIVIL - MENSALISTA (ENCARGOS COMPLEMENTARES - COLETADO CAIXA) | C108: =C105 -> SINAPI | D108: MES | E108: 1 | F108: 1.9 | G108: =F108*E108 -> 1.9
A109: 43498 | B109: EPI - FAMILIA ENGENHEIRO CIVIL - MENSALISTA (ENCARGOS COMPLEMENTARES - COLETADO CAIXA) | C109: =C105 -> SINAPI | D109: MES | E109: 1 | F109: 123.54 | G109: =F109*E109 -> 123.54
...

Sheet MEMÓRIA DE CÁLCULO
A6: ='12 SALAS - 127V_BLOCOS'!A6:D6 -> PROPRIETÁRIO: MUNICÍPIO DE ITAITUBA - PARÁ | F6: DATA:
A7: ='12 SALAS - 127V_BLOCOS'!A7:D7 -> OBRA: CONSTRUÇÃO DE UMA ESCOLA DE 12 SALAS DE AULAS E UMA QUADRA POLIESPORTIVA COBERTA | F7: 44543
A8: ='12 SALAS - 127V_BLOCOS'!A8:D8 -> LOCAL DA OBRA: NO DISTRITO DE MORAES ALMEIDA, CIDADE DE ITAITUBA-PARÁ
A10: ITEM | C10: DESCRIÇÃO | D10: UNIDADE | E10: QUANTIDADE | F10: CÁLCULO
A11: ='12 SALAS - 127V_BLOCOS'!A13 -> 1 | C11: ='12 SALAS - 127V_BLOCOS'!D13 -> SERVIÇOS PRELIMINARES
A12: ='12 SALAS - 127V_BLOCOS'!A14 -> 1.1 | C12: ='12 SALAS - 127V_BLOCOS'!D14 -> Placa de obra em lona com plotagem de gráfica | D12: ='12 SALAS - 127V_BLOCOS'!E14 -> m² | E12: ='12 SALAS - 127V_BLOCOS'!F14 -> 12 | F12: 3,00 X 4,00 = 12 M²
A13: ='12 SALAS - 127V_BLOCOS'!A15 -> 1.2 | C13: ='12 SALAS - 127V_BLOCOS'!D15 -> Licenças e taxas da obra (acima de 500m2) | D13: ='12 SALAS - 127V_BLOCOS'!E15 -> un | E13: ='12 SALAS - 127V_BLOCOS'!F15 -> 1 | F13: 1 UND
A14: ='12 SALAS - 127V_BLOCOS'!A16 -> 1.3 | C14: ='12 SALAS - 127V_BLOCOS'!D16 -> Barracão de madeira (incl. instalações) | D14: ='12 SALAS - 127V_BLOCOS'!E16 -> m² | E14: ='12 SALAS - 127V_BLOCOS'!F16 -> 12 | F14: 2,00 x 6,00 = 12,00 m
A15: ='12 SALAS - 127V_BLOCOS'!A17 -> 1.4 | C15: ='12 SALAS - 127V_BLOCOS'!D17 -> Barracão de madeira/Almoxarifado | D15: ='12 SALAS - 127V_BLOCOS'!E17 -> m² | E15: ='12 SALAS - 127V_BLOCOS'!F17 -> 20 | F15: 4,00 X 5,00 = 20 m²
A16: ='12 SALAS - 127V_BLOCOS'!A18 -> 1.5 | C16: ='12 SALAS - 127V_BLOCOS'!D18 -> Tapume c/ chapa de madeirit e=10mm (h=2.20m) | D16: ='12 SALAS - 127V_BLOCOS'!E18 -> m² | E16: ='12 SALAS - 127V_BLOCOS'!F18 -> 165 | F16: 75,00 X 2,20 = 165,00 m²
A17: ='12 SALAS - 127V_BLOCOS'!A19 -> 1.6 | C17: ='12 SALAS - 127V_BLOCOS'!D19 -> Locação da obra (execução de gabarito) | D17: ='12 SALAS - 127V_BLOCOS'!E19 -> m² | E17: ='12 SALAS - 127V_BLOCOS'!F19 -> 2929.11 | F17: Bloco A: 227,23 m³ Bloco B: 291,87 m³ Bloco C: 291,87 m³ Bloco D: 353,96 m³ Bloco E1: 475,20 m³ Bloco E2: 475,20 m³ Bloco F: 475,20 m³ Passarelas 338,58 m³ Total = 2.929,11 m³
A18: ='12 SALAS - 127V_BLOCOS'!A20 -> 1.7 | C18: ='12 SALAS - 127V_BLOCOS'!D20 -> LIMPEZA MECANIZADA DE CAMADA VEGETAL, VEGETAÇÃO E PEQUENAS ÁRVORES (DIÂMETRO DE TRONCO MENOR QUE 0,20 M), COM TRATOR DE ESTEIRAS.AF_05/2018 | D18: ='12 SALAS - 127V_BLOCOS'!E20 -> m² | E18: ='12 SALAS - 127V_BLOCOS'!F20 -> 10000 | F18: 100,00 x 100,00 = 1000,00 m²
A19: ='12 SALAS - 127V_BLOCOS'!A22 -> 2 | C19: ='12 SALAS - 127V_BLOCOS'!D22 -> ADMINISTRAÇÃO LOCAL DA OBRA
A20: ='12 SALAS - 127V_BLOCOS'!A23 -> 2.1 | C20: ='12 SALAS - 127V_BLOCOS'!D23 -> Engenheiro civil de obras junior com encargos complementares | D20: ='12 SALAS - 127V_BLOCOS'!E23 -> Mês | E20: ='12 SALAS - 127V_BLOCOS'!F23 -> 12 | F20: 12 MESES
A21: ='12 SALAS - 127V_BLOCOS'!A24 -> 2.2 | C21: ='12 SALAS - 127V_BLOCOS'!D24 -> Encarregado de obras com encargos complementares | D21: ='12 SALAS - 127V_BLOCOS'!E24 -> Mês | E21: ='12 SALAS - 127V_BLOCOS'!F24 -> 12 | F21: 12 MESES
A22: ='12 SALAS - 127V_BLOCOS'!A25 -> 2.3 | C22: ='12 SALAS - 127V_BLOCOS'!D25 -> Vigia noturno com encargos compelemtares | D22: ='12 SALAS - 127V_BLOCOS'!E25 -> H | E22: ='12 SALAS - 127V_BLOCOS'!F25 -> 2112 | F22: 8 HORAS P/DIA X 22 DIAS X 12 MESES = 2.112 HORAS
A23: ='12 SALAS - 127V_BLOCOS'!A27 -> 3 | C23: ='12 SALAS - 127V_BLOCOS'!D27 -> MOVIMENTO DE TERRAS PARA FUNDAÇÕES
A24: ='12 SALAS - 127V_BLOCOS'!A28 -> 3.1 | C24: ='12 SALAS - 127V_BLOCOS'!D28 -> ESCAVAÇÃO MANUAL DE VALA COM PROFUNDIDADE MENOR OU IGUAL A 1,30 M. AF_02/2021 | D24: ='12 SALAS - 127V_BLOCOS'!E28 -> m³ | E24: 373.5 | F24: Bloco A: 29 x 1,00 x 1,00 x 1,50=43,50 m³ Bloco B: 24 x 1,00 x 1,00 x 1,50 = 36,00 m³ Bloco C: 24 x 1,00 x 1,00 x 1,50 = 36,00 m³ Bloco D: 30 x 1,00 x 1,00 x 1,50 = 45,00 m³ Bloco E1: 47 x 1,00 x 1,00 x 1,50 = 70,50 m³ Bloco E2: 47 x 1,00 x 1,00 x 1,50 = 70,50 m³ Bloco F: 48 x 1,00 x 1,00 x 1,50 = 72,00 m³ Passarelas 20 x 0,60 x 0,60 x 1,50 = 2,88 m³ Total = 373,50 m³ | G24: =1*0.5*0.5*1.3 -> 0.325 | H24: =4*0.6*0.6*1.3 -> 1.872 | I24: =19*0.8*0.8*1.3 -> 15.808 | J24: =SUM(G24:I24) -> 18.005
A25: ='12 SALAS - 127V_BLOCOS'!A29 -> 3.2 | C25: ='12 SALAS - 127V_BLOCOS'!D29 -> PREPARO DE FUNDO DE VALA COM LARGURA MAIOR OU IGUAL A 1,5 M E MENOR QUE 2,5 M (ACERTO DO SOLO NATURAL). AF_08/2020 | D25: ='12 SALAS - 127V_BLOCOS'!E29 -> m² | E25: 256.2 | F25: Bloco A: 29 x 1,00 x 1,00 = 29 m² Bloco B: 24 x 1,00 x 1,00 = 24 m² Bloco C: 24 x 1,00 x 1,00 = 24 m² Bloco D: 30 x 1,00 x 1,00 = 30 m² Bloco E1: 47 x 1,00 x 1,00= 47 m² Bloco E2: 47 x 1,00 x 1,00= 47 m² Bloco F: 48 x 1,00 x 1,00 = 48 m² Passarelas 20 x 0,60 x 0,60 = 7,2 m² Total = 256,2 m² | G25: =13*0.7*0.7*1.3 -> 8.281 | H25: =3*0.8*0.8*1.3 -> 2.496
A26: ='12 SALAS - 127V_BLOCOS'!A30 -> 3.3 | C26: ='12 SALAS - 127V_BLOCOS'!D30 -> REATERRO MANUAL DE VALAS COM COMPACTAÇÃO MECANIZADA. AF_04/2016 | D26: ='12 SALAS - 127V_BLOCOS'!E30 -> m³ | E26: 271.02 | F26: Escavação - blocos = 373,5 - 102,48 = 271,02 m³
A27: ='12 SALAS - 127V_BLOCOS'!A32 -> 4 | C27: ='12 SALAS - 127V_BLOCOS'!D32 -> FUNDAÇÕES
A28: ='12 SALAS - 127V_BLOCOS'!A33 -> 4.1 | C28: ='12 SALAS - 127V_BLOCOS'!D33 -> CONCRETO ARMADO PARA FUNDAÇÕES
A29: ='12 SALAS - 127V_BLOCOS'!A34 -> 4.1.1 | C29: ='12 SALAS - 127V_BLOCOS'!D34 -> LASTRO DE CONCRETO MAGRO, APLICADO EM BLOCOS DE COROAMENTO OU SAPATAS, ESPESSURA DE 5 CM. AF_08/2017. | D29: ='12 SALAS - 127V_BLOCOS'!E34 -> m² | E29: 256.2 | F29: Bloco A: 29 x 1,00 x 1,00 = 29 m² Bloco B: 24 x 1,00 x 1,00 = 24 m² Bloco C: 24 x 1,00 x 1,00 = 24 m² Bloco D: 30 x 1,00 x 1,00 = 30 m² Bloco E1: 47 x 1,00 x 1,00= 47 m² Bloco E2: 47 x 1,00 x 1,00= 47 m² Bloco F: 48 x 1,00 x 1,00 = 48 m² Passarelas 20 x 0,60 x 0,60 = 7,2 m² Total = 256,2 m²
A30: ='12 SALAS - 127V_BLOCOS'!A35 -> 4.1.2 | C30: ='12 SALAS - 127V_BLOCOS'!D35 -> Bloco em concreto armado p/ fundaçao (incl. forma) | D30: ='12 SALAS - 127V_BLOCOS'!E35 -> m³ | E30: 102.48 | F30: Bloco A: 29 x 1,00 x 1,00 x 0,40 = 11,60 m³ Bloco B: 24 x 1,00 x 1,00 x 0,40 = 9,60 m³ Bloco C: 24 x 1,00 x 1,00 x 0,40 = 9,60 m³ Bloco D: 30 x 1,00 x 1,00 x 0,40 = 12,00 m³ Bloco E1: 47 x 1,00 x 1,00 x 0,40 = 18,80 m³ Bloco E2: 47 x 1,00 x 1,00 x 0,40 = 18,80 m³ Bloco F: 48 x 1,00 x 1,00 0,40 = 19,2 m³ Passarelas 20 x 0,60 x 0,60 0,40 = 2,88 m³ Total = 102,48 m³ | H30: =#REF! -> #REF!
A31: ='12 SALAS - 127V_BLOCOS'!A36 -> 4.1.3 | C31: ='12 SALAS - 127V_BLOCOS'!D36 -> Baldrame em concreto armado c/ cinta de amarração | D31: ='12 SALAS - 127V_BLOCOS'!E36 -> m³ | E31: 39.44 | F31: Bloco A: 129,1 x 0,13 x 0,30 = 5,03 m³ Bloco B: 105,2 x 0,13 x 0,30 = 4,10 m³ Bloco C: 108 x 0,13 x 0,30 = 4,21 m³ Bloco D: 120,29 0,13 x 0,30 = 4,69 m³ Bloco E1: 172,65 x 0,13 x 0,30 = 6,73 m³ Bloco E2: 172,65 x 0,13 x 0,30 = 6,73 m³ Bloco F: 174,88 x 0,13 x 0,30 = 6,82 m³ Base caixa d'água: 1,13 m³ Total = 39,44 m³ | H31: =#REF! -> #REF! | I31: =38.31+1.13 -> 39.44
A32: ='12 SALAS - 127V_BLOCOS'!A38 -> 5 | C32: ='12 SALAS - 127V_BLOCOS'!D38 -> SUPERESTRUTURA
A33: ='12 SALAS - 127V_BLOCOS'!A39 -> 5.1 | C33: ='12 SALAS - 127V_BLOCOS'!D39 -> CONCRETO ARMADO - VIGAS
A34: ='12 SALAS - 127V_BLOCOS'!A40 -> 5.1.1 | C34: ='12 SALAS - 127V_BLOCOS'!D40 -> Concreto armado fck=25MPA c/ forma mad. branca (incl. lançamento e adensamento) | D34: ='12 SALAS - 127V_BLOCOS'!E40 -> m³ | E34: 107.48 | F34: Bloco A: 10,92 m³ Bloco B: 11,44 m³ Bloco C: 11,98 m³ Bloco D: 8,30 m³ Bloco E1 21,61 m³ Bloco E2: 21,61 m³ Bloco F: 21,62 m³ Total = 107,48 m³
A35: ='12 SALAS - 127V_BLOCOS'!A41 -> 5.2 | C35: ='12 SALAS - 127V_BLOCOS'!D41 -> CONCRETO ARMADO - LAJE
A36: ='12 SALAS - 127V_BLOCOS'!A42 -> 5.2.1 | C36: ='12 SALAS - 127V_BLOCOS'!D42 -> Laje pré-moldada (incl. capeamento) | D36: ='12 SALAS - 127V_BLOCOS'!E42 -> m² | E36: 67.45 | F36: Cozinha, despensa, triagem, área de serviço, dml e sanitarios: 67,45 m²
A37: ='12 SALAS - 127V_BLOCOS'!A43 -> 5.3 | C37: ='12 SALAS - 127V_BLOCOS'!D43 -> CONCRETO ARMADO - PILARES
A38: ='12 SALAS - 127V_BLOCOS'!A44 -> 5.3.1 | C38: ='12 SALAS - 127V_BLOCOS'!D44 -> Concreto armado fck=25MPA c/ forma mad. branca (incl. lançamento e adensamento) | D38: ='12 SALAS - 127V_BLOCOS'!E44 -> m³ | E38: 102.44 | F38: Bloco A: 10,08 m³ Bloco B: 11,03 m³ Bloco C: 14,06 m³ Bloco D: 12,06 m³ Bloco E1 19,15 m³ Bloco E2: 19,15 m³ Bloco F: 16,91 m³ Total = 102,44 m³
A39: ='12 SALAS - 127V_BLOCOS'!A45 -> 5.4 | C39: ='12 SALAS - 127V_BLOCOS'!D45 -> CONCRETO ARMADO - VERGAS E CONTRAVERGAS
A40: ='12 SALAS - 127V_BLOCOS'!A46 -> 5.4.1 | C40: ='12 SALAS - 127V_BLOCOS'!D46 -> VERGA PRÉ-MOLDADA PARA PORTAS COM ATÉ 1,5 M DE VÃO. AF_03/2016 | D40: ='12 SALAS - 127V_BLOCOS'!E46 -> m | E40: 633.85 | F40: Janelas 566,8 m² + portas 67,05 m² | G40: 134.09 | H40: =G40/2 -> 67.045 | I40: =566.8+H40 -> 633.845
A41: ='12 SALAS - 127V_BLOCOS'!A48 -> 6 | C41: ='12 SALAS - 127V_BLOCOS'!D48 -> SISTEMA DE VEDAÇÃO VERTICAL
A42: ='12 SALAS - 127V_BLOCOS'!A49 -> 6.1 | C42: ='12 SALAS - 127V_BLOCOS'!D49 -> ELEMENTOS VAZADOS | D42: ='12 SALAS - 127V_BLOCOS'!E50 -> m² | E42: ='12 SALAS - 127V_BLOCOS'!F50 -> 24.72
A43: ='12 SALAS - 127V_BLOCOS'!A50 -> 6.1.1 | C43: ='12 SALAS - 127V_BLOCOS'!D50 -> ALVENARIA DE VEDAÇÃO COM ELEMENTO VAZADO DE CONCRETO (COBOGÓ) DE 7X50X50CM E ARGAMASSA DE ASSENTAMENTO COM PREPARO EM BETONEIRA. AF_05/2020 | D43: ='12 SALAS - 127V_BLOCOS'!E50 -> m² | E43: ='12 SALAS - 127V_BLOCOS'!F50 -> 24.72 | F43: 24,72 m²
A44: ='12 SALAS - 127V_BLOCOS'!A51 -> 6.2 | C44: ='12 SALAS - 127V_BLOCOS'!D51 -> ALVENARIA DE VEDAÇÃO
A45: ='12 SALAS - 127V_BLOCOS'!A52 -> 6.2.1 | C45: ='12 SALAS - 127V_BLOCOS'!D52 -> ALVENARIA DE VEDAÇÃO DE BLOCOS CERÂMICOS FURADOS NA VERTICAL DE 9X19X39CM (ESPESSURA 9CM) DE PAREDES COM ÁREA LÍQUIDA MAIOR OU IGUAL A 6M² COM VÃOS E ARGAMASSA DE ASSENTAMENTO COM PREPARO EM BETONEIRA. AF_06/2014 | D45: ='12 SALAS - 127V_BLOCOS'!E52 -> m² | E45: 2087.25 | F45: 695,75 x 3,00 = 2087,25 m² | G45: 136.31 | H45: 194.51 | I45: 364.95
A46: ='12 SALAS - 127V_BLOCOS'!A53 -> 6.2.2 | C46: ='12 SALAS - 127V_BLOCOS'!D53 -> Divisória em granito cinza - incl. ferrag. de fixação | D46: ='12 SALAS - 127V_BLOCOS'!E53 -> m² | E46: 69.92 | F46: Bloco E1: 13,56 x 2,00 = 27,12 m² Bloco E2: 13,56 x 2,00 = 27,12 m² Bloco F: 7,84 x 2,00 = 15,68 m²
A47: ='12 SALAS - 127V_BLOCOS'!A55 -> 7 | C47: ='12 SALAS - 127V_BLOCOS'!D55 -> ESQUADRIAS
A48: ='12 SALAS - 127V_BLOCOS'!A56 -> 7.1 | C48: ='12 SALAS - 127V_BLOCOS'!D56 -> PORTAS DE MADEIRA | D48: ='12 SALAS - 127V_BLOCOS'!E56 -> 0 | E48: ='12 SALAS - 127V_BLOCOS'!F56 -> 0
A49: ='12 SALAS - 127V_BLOCOS'!A57 -> 7.1.1 | C49: ='12 SALAS - 127V_BLOCOS'!D57 -> Esquadria mad. e=3cm c/ caix. aduela e alizar | D49: ='12 SALAS - 127V_BLOCOS'!E57 -> m² | E49: ='12 SALAS - 127V_BLOCOS'!F57 -> 36.96 | F49: Almoxarifado, coordenação, diretoria, sala de professores, secretaria, cozinha, despensa, entrada sanitários e vestiários - 13 x 0,7 x 2,10 = 21,84 m² + Entrada dos Sanitários e Vestiário PCD (Administração e Salas de Aula) - 8 x 0,90 x 2,10 = 15,12 m²
A50: ='12 SALAS - 127V_BLOCOS'!A58 -> 7.1.2 | C50: ='12 SALAS - 127V_BLOCOS'!D58 -> Porta mad. trabalhada c/ caix. aduela e alizar (COM VISOR DE VIDRO) | D50: ='12 SALAS - 127V_BLOCOS'!E58 -> m² | E50: ='12 SALAS - 127V_BLOCOS'!F58 -> 30.24 | F50: Auditório, biblioteca, laboratório, salas de aula, sala de grêmio e informática - 18 x 0,8 x 2,10 = 30,24 m²
A51: ='12 SALAS - 127V_BLOCOS'!A59 -> 7.2 | C51: ='12 SALAS - 127V_BLOCOS'!D59 -> FERRAGENS E ACESSÓRIOS
A52: ='12 SALAS - 127V_BLOCOS'!A60 -> 7.2.1 | C52: ='12 SALAS - 127V_BLOCOS'!D60 -> Barra de apoio 40 cm, aço inox polido, Deca ou equivalente - PM3 e PM5. PUXADOR PARA PCD, FIXADO NA PORTA - FORNECIMENTO E INSTALAÇÃO. AF_01/2020. | D52: ='12 SALAS - 127V_BLOCOS'!E60 -> un | E52: ='12 SALAS - 127V_BLOCOS'!F60 -> 14 | F52: Sanitários PNE (adm.), entrada dos sanitários e vestiários e Boxes dos sanitários PNE - 14 und
A53: ='12 SALAS - 127V_BLOCOS'!A62 -> 7.2.3 | C53: ='12 SALAS - 127V_BLOCOS'!D62 -> Mola p/ porta de vidro | D53: ='12 SALAS - 127V_BLOCOS'!E62 -> un | E53: ='12 SALAS - 127V_BLOCOS'!F62 -> 4 | F53: Portas gerais
A54: ='12 SALAS - 127V_BLOCOS'!A63 -> 7.3 | C54: ='12 SALAS - 127V_BLOCOS'!D63 -> PORTAS DE ALUMÍNIO
A55: ='12 SALAS - 127V_BLOCOS'!A64 -> 7.3.1 | C55: ='12 SALAS - 127V_BLOCOS'!D64 -> Esquadria c/ venezianas de aluminio natural c/ ferragens | D55: ='12 SALAS - 127V_BLOCOS'!E64 -> m² | E55: 22.71 | F55: Armário externo, banho, DML e sanitário: 5 x 0,70 x 2,10 = 7,35 m² e Boxes dos sanitários e vestiários: 16 x 0,60 x 1,60 = 15,36 m² | G55: =5*0.7*2.1 -> 7.35 | H55: =#REF! -> #REF! | I55: =G55+H55 -> #REF!
A56: ='12 SALAS - 127V_BLOCOS'!A65 -> 7.3.2 | C56: ='12 SALAS - 127V_BLOCOS'!D65 -> PA2 - Porta de abrir - 80x210 em chapa de alumínio com veneziana e vidro mini boreal- conforme projeto de esquadrias, inclusive ferragens e vidro. PORTA DE ALUMÍNIO DE ABRIR PARA VIDRO SEM GUARNIÇÃO, 87X210CM, FIXAÇÃO COM PARAFUSOS, INCLUSIVE VIDROS - FORNECIMENTO E INSTALAÇÃO. AF_12/2019. | D56: ='12 SALAS - 127V_BLOCOS'!E65 -> un | E56: ='12 SALAS - 127V_BLOCOS'!F65 -> 2 | F56: Área de serviço e Triagem/lavagem - 2 und
A57: ='12 SALAS - 127V_BLOCOS'!A66 -> 7.3.3 | C57: ='12 SALAS - 127V_BLOCOS'!D66 -> PA3 - Porta de abrir - 120x210 em chapa de alumínio com veneziana e vidro mini boreal- conforme projeto de esquadrias, inclusive ferragens e vidro. PORTA EM ALUMÍNIO DE ABRIR TIPO VENEZIANA COM GUARNIÇÃO, FIXAÇÃO COM PARAFUSOS - FORNECIMENTO E INSTALAÇÃO. AF_12/2019. | D57: ='12 SALAS - 127V_BLOCOS'!E66 -> un | E57: ='12 SALAS - 127V_BLOCOS'!F66 -> 2 | F57: Área de serviço e cozinha - 2 und
A58: ='12 SALAS - 127V_BLOCOS'!A67 -> 7.4 | C58: ='12 SALAS - 127V_BLOCOS'!D67 -> PORTAS DE VIDRO
A59: ='12 SALAS - 127V_BLOCOS'!A68 -> 7.4.1 | C59: ='12 SALAS - 127V_BLOCOS'!D68 -> PV1 - Porta em vidro temperado c/ ferragens -(sem mola) | D59: ='12 SALAS - 127V_BLOCOS'!E68 -> m² | E59: ='12 SALAS - 127V_BLOCOS'!F68 -> 7.56 | F59: Portas do administrativo: 2 x 1,80 x 2,10 = 7,56
A60: ='12 SALAS - 127V_BLOCOS'!A69 -> 7.5 | C60: ='12 SALAS - 127V_BLOCOS'!D69 -> JANELAS
A61: ='12 SALAS - 127V_BLOCOS'!A70 -> 7.5.1 | C61: ='12 SALAS - 127V_BLOCOS'!D70 -> Esquadria de correr em vidro temperado de 8mm | D61: ='12 SALAS - 127V_BLOCOS'!E70 -> m² | E61: 204.28 | F61: Banho, cozinha, despensa, DML, sanitário (cozinha) e sanitários PNE (administrativo) - 0,90 x 0,50 x 9 = 4,05 m² Sanitários feminino e masculino (bloco E) - 4 x 1,75 x 0,55 = 3,84 m² Sanitários e vestiários femininos (blocos E e F) - 7 x 2,00 x 0,55 = 7,70 m² Sanitários e vestiários masculinos (blocos E e F) - 7 x 2,20 x 0,55 = 7,70 m² Almoxarifado, coordenação, direção e sala dos professores - 5 x 1,40 x 1,00 = 7,00 m² Coordenação, sala de professores e secretaria - 3 x 3,45 x 1,00 = 10,35 m² Salas de aula, auditório, biblioteca, laboratório, informática, sala do grêmio - 35 x 2,00 x 0,8 = 56 m² Cozinha e triagem/ lavagem - 2 x 0,90 x 1,00 = 1,80 m² Cozinha - 2 x 1,10 x 1,20 = 2,64 m² Cozinha - 1 x 2,10 x 1,00 = 2,10 m² Auditório, biblioteca, laboratório, salas de aula, sala de grêmioe informática - 54 x 2,20 x 0,80 = 95,04 m² Secretaria - 0,85 x 1,00 + 0,85 x 1,20 = 1,87 m² Cozinha e despensa - 4,20 m²
A62: ='12 SALAS - 127V_BLOCOS'!A71 -> 7.5.2 | C62: ='12 SALAS - 127V_BLOCOS'!D71 -> Tela de nylon de proteção - fixada na esquadria.Tela de nylon. | D62: ='12 SALAS - 127V_BLOCOS'!E71 -> m² | E62: ='12 SALAS - 127V_BLOCOS'!F71 -> 4.2 | F62: Cozinha e despensa - 4,20 m²
A63: ='12 SALAS - 127V_BLOCOS'!A72 -> 7.6 | C63: ='12 SALAS - 127V_BLOCOS'!D72 -> PORTÕES METÁLICOS
A64: ='12 SALAS - 127V_BLOCOS'!A73 -> 7.6.1 | C64: ='12 SALAS - 127V_BLOCOS'!D73 -> PT1 - Portão de abrir 2,05x1,80m, em gradil metálico belgo ou similar, conforme projeto de esquadrias, inclusive ferragens. PORTA DE FERRO, DE ABRIR, TIPO GRADE COM CHAPA, COM GUARNIÇÕES. AF_12/2019. | D64: ='12 SALAS - 127V_BLOCOS'!E73 -> m² | E64: ='12 SALAS - 127V_BLOCOS'!F73 -> 3.69 | F64: Acesso pedestres - 1 x 2,05 x 1,80 = 3,69 m² | G64: =1*2.05*1.8 -> 3.69
A65: ='12 SALAS - 127V_BLOCOS'!A74 -> 7.6.2 | C65: ='12 SALAS - 127V_BLOCOS'!D74 -> PT2 - PORTA EM ALUMÍNIO DE ABRIR TIPO VENEZIANA COM GUARNIÇÃO DE 180X180, FIXAÇÃO COM PARAFUSOS - FORNECIMENTO E INSTALAÇÃO. AF_12/2019. Conforme projeto de esquadrias, inclusive ferragens | D65: ='12 SALAS - 127V_BLOCOS'!E74 -> m² | E65: ='12 SALAS - 127V_BLOCOS'!F74 -> 3.24 | F65: Lixo - 1 x 1,80 x 1,80 = 3,24 m² | G65: =1.8*1.8 -> 3.24
A66: ='12 SALAS - 127V_BLOCOS'!A75 -> 7.6.3 | C66: ='12 SALAS - 127V_BLOCOS'!D75 -> PT3 - PORTA EM ALUMÍNIO DE ABRIR TIPO VENEZIANA COM GUARNIÇÃO DE 100X180, FIXAÇÃO COM PARAFUSOS - FORNECIMENTO E INSTALAÇÃO. AF_12/2019. Conforme projeto de esquadrias, inclusive ferragens | D66: ='12 SALAS - 127V_BLOCOS'!E75 -> m² | E66: ='12 SALAS - 127V_BLOCOS'!F75 -> 3.6 | F66: Gás - 2 x 1,00 x 1,80 = 3,60 m² | G66: =2*1*1.8 -> 3.6
A67: ='12 SALAS - 127V_BLOCOS'!A76 -> 7.6.4 | C67: ='12 SALAS - 127V_BLOCOS'!D76 -> PT4 - Portão de abrir 1,20x1,80m, em gradil metálico belgo ou similar, conforme projeto de esquadrias, inclusive ferragens. Portão em grade c/ chapa de ferro 3/16" - incl. ferragens e pintura antiferruginosa. | D67: ='12 SALAS - 127V_BLOCOS'!E76 -> m² | E67: ='12 SALAS - 127V_BLOCOS'!F76 -> 2.16 | F67: Pátio de serviço - 1 x 1,20 x 1,80 = 2,16 m² | G67: =1*1.2*1.8 -> 2.16
A68: ='12 SALAS - 127V_BLOCOS'!A77 -> 7.6.5 | C68: ='12 SALAS - 127V_BLOCOS'!D77 -> PT5 - Portão de correr 3x1,80m, em gradil metálico belgo ou similar, conforme projeto de esquadrias, inclusive ferragens. PORTAO DE CORRER EM CHAPA TIPO PAINEL LAMBRIL QUADRADO, COM PORTA SOCIAL COMPLETA INCLUIDA, COM REQUADRO, ACABAMENTO NATURAL, COM TRILHOS E ROLDANAS. | D68: ='12 SALAS - 127V_BLOCOS'!E77 -> m² | E68: ='12 SALAS - 127V_BLOCOS'!F77 -> 5.4 | F68: Acesso serviço - 1 x 3,00 x 1,80 - 5,40 m² | G68: =3*1.8 -> 5.4
A69: ='12 SALAS - 127V_BLOCOS'!A78 -> 7.7 | C69: ='12 SALAS - 127V_BLOCOS'!D78 -> GRADES DE FERRO
A70: ='12 SALAS - 127V_BLOCOS'!A79 -> 7.7.1 | C70: ='12 SALAS - 127V_BLOCOS'!D79 -> Grade de ferro 1/2" (incl. pint. anti-corrosiva) | D70: ='12 SALAS - 127V_BLOCOS'!E79 -> m² | E70: ='12 SALAS - 127V_BLOCOS'!F79 -> 85.54 | F70: Almoxarifado, coordenação, diretoria, sala de professores, secretaria, laboratório, informática, cozinha e despensa: 9 x 1,00 x 2,2 = 19,80 m²; Cozinha e despensa -1,10 x 0,70 x 2 = 1,54 m²; Cozinha e triagem/lavagem: (1,0 + 1,4) x 2,2 = 5,28 m²; Almoxarifado, coordenação, direção e sala dos professores: 5 x 1,60 x 1,20 = 9,60 m²; Coordenação, sala de professores e secretaria: 3 x 3,65 x 1,20 = 13,14 m²: Laboratório e informática: (5 x 2,20 x 1,0) + (7 x 2,4 x 1,0) = 27,80 m²; Cozinha e triagem/ lavagem: 2 x 1,10 x 1,20 = 2,64 m²: Cozinha: 2 x 1,30 x 1,40 = 3,64 m²: Cozinha: 1 x 2,30 x 1,20 = 2,10 m²
A71: ='12 SALAS - 127V_BLOCOS'!A80 -> 7.8 | C71: ='12 SALAS - 127V_BLOCOS'!D80 -> GRADIL METÁLICO
A72: ='12 SALAS - 127V_BLOCOS'!A81 -> 7.8.1 | C72: ='12 SALAS - 127V_BLOCOS'!D81 -> Gradil metálico em tela de arame galvanizado e malha quadrangular. Tela de arame galv.fio 12#2" fix.c/cant.de ferro(p/ muro). | D72: ='12 SALAS - 127V_BLOCOS'!E81 -> m² | E72: 130.14 | F72: 72,30 x 1,80 = 130,14 m²
A73: ='12 SALAS - 127V_BLOCOS'!A83 -> 8 | C73: ='12 SALAS - 127V_BLOCOS'!D83 -> FORRO
A74: ='12 SALAS - 127V_BLOCOS'!A84 -> 8.1 | C74: ='12 SALAS - 127V_BLOCOS'!D84 -> Forro em PVC 100mm entarugamento - metalico | D74: ='12 SALAS - 127V_BLOCOS'!E84 -> m² | E74: 1087.4 | F74: Bloco A: 140,42 m² Bloco B: 157,62 m² Bloco C: 157,62 m² Bloco E1: 210,58 m² Bloco E2: 210,58 m² Bloco F: 210,58 m² Total = 1.087,40 m²
A75: ='12 SALAS - 127V_BLOCOS'!A86 -> 9 | C75: ='12 SALAS - 127V_BLOCOS'!D86 -> SISTEMAS DE COBERTURA
A76: ='12 SALAS - 127V_BLOCOS'!A87 -> 9.1 | C76: ='12 SALAS - 127V_BLOCOS'!D87 -> Estrutura metálica p/ cobertura - 2 águas-vão 20m | D76: ='12 SALAS - 127V_BLOCOS'!E87 -> m² | E76: 2918.29 | F76: Bloco A: 227,09 m² Bloco B: 291,84 m² Bloco C: 291,87 m² Bloco D: 353,96 m² Bloco E1: 474,25 m² Bloco E2: 474,25 m² Bloco F: 474,25 m² Passarela: 330,78 m² Total = 2918,29 m²
A77: ='12 SALAS - 127V_BLOCOS'!A88 -> 9.2 | C77: ='12 SALAS - 127V_BLOCOS'!D88 -> TELHA TRAPEZOIDAL EM ACO ZINCADO, SEM PINTURA, ALTURA DE APROXIMADAMENTE 40 MM, ESPESSURA DE 0,50 MM E LARGURA UTIL DE 980 MM. | D77: ='12 SALAS - 127V_BLOCOS'!E88 -> m² | E77: 330.78 | F77: Passarelas - 330,78 m²
A78: ='12 SALAS - 127V_BLOCOS'!A89 -> 9.3 | C78: ='12 SALAS - 127V_BLOCOS'!D89 -> Cobertura -Telha termoacústica | D78: ='12 SALAS - 127V_BLOCOS'!E89 -> m² | E78: 2587.51 | F78: Bloco A: 227,09 m² Bloco B: 291,84 m² Bloco C: 291,87 m² Bloco D: 353,96 m² Bloco E1: 474,25 m² Bloco E2: 474,25 m² Bloco F: 474,25 m² Total = 2.587,51 m²
A79: ='12 SALAS - 127V_BLOCOS'!A90 -> 9.4 | C79: ='12 SALAS - 127V_BLOCOS'!D90 -> RUFO EM CHAPA DE AÇO GALVANIZADO NÚMERO 24, CORTE DE 25 CM, INCLUSO TRANSPORTE VERTICAL. AF_07/2019. | D79: ='12 SALAS - 127V_BLOCOS'!E90 -> m | E79: ='12 SALAS - 127V_BLOCOS'!F90 -> 82.6 | F79: Bloco A, bloco B, bloco C, bloco D, bloco E1 e E2 e bloco F - 82,60m
A80: ='12 SALAS - 127V_BLOCOS'!A92 -> 10 | C80: ='12 SALAS - 127V_BLOCOS'!D92 -> IMPERMEABILIZAÇÃO
A81: ='12 SALAS - 127V_BLOCOS'!A93 -> 10.1 | C81: ='12 SALAS - 127V_BLOCOS'!D93 -> Impermeabilização asfáltica para concreto e alvenaria (3 demãos) | D81: ='12 SALAS - 127V_BLOCOS'!E93 -> m² | E81: 737.04 | F81: Bloco A: (129,1 x 2 x 0,30) + ( 129,1 x 0,15) =96,82 m³ Bloco B: (105,2 x 2 x 0,30) + (105,2 x 0,15) = 78,90 m³ Bloco C: (108 x 2 x 0,30) + ( 108 x 0,15 ) = 81,00 m³ Bloco D: (120,29 x 2 x 0,30) + (120,29 x 0,15) = 90,21 m³ Bloco E1: (172,65 x 2 x 0,30) + (172,65 x 0,15) = 129,48 m³ Bloco E2: (172,65 x 2 x 0,30) + (172,65 x 0,15) = 129,48 m³ Bloco F: (174,88 x 2 x 0,30) + (174,88 x 0,15) = 131,15 m³ Total = 737,04 m³ | G81: Bloco A: (129,1 x 2 x 0,30) + ( 129,1 x 0,15) =96,82 m³ Bloco B: (105,2 x 2 x 0,30) + (105,2 x 0,15) = 78,90 m³ Bloco C: (108 x 2 x 0,30) + ( 108 x 0,15 ) = 81,00 m³ Bloco D: (120,29 x 2 x 0,30) + (120,29 x 0,15) = 90,21 m³ Bloco E1: (172,65 x 2 x 0,30) + (172,65 x 0,15) = 129,48 m³ Bloco E2: (172,65 x 2 x 0,30) + (172,65 x 0,15) = 129,48 m³ Bloco F: (174,88 x 2 x 0,30) + (174,88 x 0,15) = 131,15 m³ Total = 737,04 m³ | H81: =96.82+78.9+81+90.21+129.48+129.48+131.15 -> 737.04
A82: ='12 SALAS - 127V_BLOCOS'!A95 -> 11 | C82: ='12 SALAS - 127V_BLOCOS'!D95 -> REVESTIMENTOS INTERNOS E EXTERNOS
A83: ='12 SALAS - 127V_BLOCOS'!A96 -> 11.1 | C83: ='12 SALAS - 127V_BLOCOS'!D96 -> Chapisco em parede com argamassa traço - 1:3 (cimento / areia). CHAPISCO APLICADO EM ALVENARIAS E ESTRUTURAS DE CONCRETO INTERNAS, COMCOLHER DE PEDREIRO. ARGAMASSA TRAÇO 1:3 COM PREPARO MANUAL. AF_06/2014. | D83: ='12 SALAS - 127V_BLOCOS'!E96 -> m² | E83: 4174.5 | F83: 2087,25 x 2 = 4174,5 m² | G83: =2087.25*2 -> 4174.5
A84: ='12 SALAS - 127V_BLOCOS'!A97 -> 11.2 | C84: ='12 SALAS - 127V_BLOCOS'!D97 -> Emboço, com argamassa traço - 1:2:9 (cimento / cal / areia), espessura 2 cm. EMBOÇO OU MASSA ÚNICA EM ARGAMASSA TRAÇO 1:2:8, PREPARO MECÂNICO COM BETONEIRA 400 L, APLICADA MANUALMENTE EM PANOS CEGOS DE FACHADA (SEM PRESENÇA DE VÃOS), ESPESSURA DE 25 MM. AF_06/2014. | D84: ='12 SALAS - 127V_BLOCOS'!E97 -> m² | E84: 990.77 | F84: 371,07 x 2,67 = 990,77 m²
A85: ='12 SALAS - 127V_BLOCOS'!A98 -> 11.3 | C85: ='12 SALAS - 127V_BLOCOS'!D98 -> Reboco para paredes internas, externas, vigas, traço 1:4,5 - espessura 0,5 cm. MASSA ÚNICA, PARA RECEBIMENTO DE PINTURA OU CERÂMICA, ARGAMASSA INDUSTRIALIZADA, PREPARO MECÂNICO, APLICADO COM EQUIPAMENTO DE MISTURA E PROJEÇÃO DE 1,5 M3/H EM FACES INTERNAS DE PAREDES, ESPESSURA DE 5MM, SEMEXECUÇÃO DE TALISCAS. AF_06/2014. | D85: ='12 SALAS - 127V_BLOCOS'!E98 -> m² | E85: 3183.73 | F85: 1591,87 x 2 = 3183,73 m²
A86: ='12 SALAS - 127V_BLOCOS'!A99 -> 11.4 | C86: ='12 SALAS - 127V_BLOCOS'!D99 -> Revestimento cerâmico de paredes PEI IV- cerâmica 30 x 40 cm aplicado com argamassa industrializada- incl. rejunte - conforme projeto. REVESTIMENTO CERÂMICO PARA PAREDES INTERNAS COM PLACAS TIPO ESMALTADAEXTRA DE DIMENSÕES 33X45 CM APLICADAS EM AMBIENTES DE ÁREA MAIOR QUE 5M² NA ALTURA INTEIRA DAS PAREDES. AF_06/2014. | D86: ='12 SALAS - 127V_BLOCOS'!E99 -> m² | E86: 990.77 | F86: 371,07 x 2,67 = 990,77 m²
A87: ='12 SALAS - 127V_BLOCOS'!A101 -> 12 | C87: ='12 SALAS - 127V_BLOCOS'!D101 -> SISTEMAS DE PISOS
A88: ='12 SALAS - 127V_BLOCOS'!A102 -> 12.1 | C88: ='12 SALAS - 127V_BLOCOS'!D102 -> PAVIMENTAÇÃO INTERNA
A89: ='12 SALAS - 127V_BLOCOS'!A103 -> 12.1.1 | C89: ='12 SALAS - 127V_BLOCOS'!D103 -> Camada impermeabilizadora e=10cm c/ seixo | D89: ='12 SALAS - 127V_BLOCOS'!E103 -> m² | E89: ='12 SALAS - 127V_BLOCOS'!F103 -> 2863.27 | F89: Todo o piso Interno - 2685,85 + 177,77 = 2863,62 m² | G89: =E91+E92 -> 2863.27
A90: ='12 SALAS - 127V_BLOCOS'!A104 -> 12.1.2 | C90: ='12 SALAS - 127V_BLOCOS'!D104 -> Camada regularizadora no traço 1:4 | D90: ='12 SALAS - 127V_BLOCOS'!E104 -> m² | E90: ='12 SALAS - 127V_BLOCOS'!F104 -> 177.42 | F90: Bloco A: 3,67 + 3,67 = 7,34 m² Bloco D: 9,24 + 4,96 + 31,02 + 6,8 + 2,01 + 1,46 + 1,8 + 1,6 = 58,89 m² Bloco E1: 16,49 + 16,49 = 32,98 m² Bloco E2 : 16,49 + 16,49 = 32,98 m² Bloco F: 23,27 + 23,27 = 46,54 m² Total: 177,42 m² | H90: =32.98+32.98+46.54+57.86+7.34 -> 177.7
A91: ='12 SALAS - 127V_BLOCOS'!A105 -> 12.1.3 | C91: ='12 SALAS - 127V_BLOCOS'!D105 -> Piso cerâmico esmaltado PEI V - 40 x 40 cm aplicado com argamassa industrializada - incl. rejunte - Branco antiderrapante - conforme projeto. REVESTIMENTO CERÂMICO PARA PISO COM PLACAS TIPO ESMALTADA EXTRA DE DIMENSÕES 45X45 CM APLICADA EM AMBIENTES DE ÁREA MAIOR QUE 10 M2. AF_06/2014. | D91: ='12 SALAS - 127V_BLOCOS'!E105 -> m² | E91: ='12 SALAS - 127V_BLOCOS'!F105 -> 177.42 | F91: Bloco A: 3,67 + 3,67 = 7,34 m² Bloco D: 9,24 + 4,96 + 31,02 + 6,8 + 2,01 + 1,46 + 1,8 + 1,6 = 58,89 m² Bloco E1: 16,49 + 16,49 = 32,98 m² Bloco E2 : 16,49 + 16,49 = 32,98 m² Bloco F: 23,27 + 23,27 = 46,54 m² Total: 177,42 m² | H91: =32.98+32.98+46.54+57.86+7.34 -> 177.7 | K91: =177.77*3 -> 533.31
A92: ='12 SALAS - 127V_BLOCOS'!A106 -> 12.1.4 | C92: Piso de alta resistência e=8mm c/ resina incl. camada regularizadora | D92: ='12 SALAS - 127V_BLOCOS'!E106 -> m² | E92: ='12 SALAS - 127V_BLOCOS'!F106 -> 2685.85 | F92: Salas de aulas: 12 x 50,33 = 603,96 m² Bloco A.: 11,53 + 8,33 + 16,04 + 26,50 + 25,25 = 87,65 m² Bloco B: 67,71 + 83,58 = 151,29 m² Bloco C: 32,65 + 67,94 + 50,30 = 150,89 m² Bloco D: 224,56 m² Passarelas e circulações: 1467,50 m² Total: 2685,85 m² | G92: =603.96+87.65+150.89+151.29+224.56 -> 1218.35 | H92: =G92+1467.5 -> 2685.85
A93: ='12 SALAS - 127V_BLOCOS'!A107 -> 12.1.5 | C93: ='12 SALAS - 127V_BLOCOS'!D107 -> Piso de borracha tátil (16 un) - Interno | D93: ='12 SALAS - 127V_BLOCOS'!E107 -> m² | E93: 131.94 | F93: (1.081 x 0,30 x 0,30) + (385 x 0,30 x 0,30) = 131,94 m² | G93: =131.94+4.32+7.11 -> 143.37
A94: ='12 SALAS - 127V_BLOCOS'!A108 -> 12.1.6 | C94: ='12 SALAS - 127V_BLOCOS'!D108 -> PisoTátil direcional na cor amarelo 25x25 premoldado (16 unidades). - Externo | D94: ='12 SALAS - 127V_BLOCOS'!E108 -> m² | E94: ='12 SALAS - 127V_BLOCOS'!F108 -> 5.58 | F94: (13 x 0,30 x 0,30) + (49 x 0,30 x 0,30) = 5,58 m²
A95: ='12 SALAS - 127V_BLOCOS'!A109 -> 12.1.7 | C95: ='12 SALAS - 127V_BLOCOS'!D109 -> Soleira em granito cinza andorinha, L=15cm, E=2cm | D95: ='12 SALAS - 127V_BLOCOS'!E109 -> m | E95: ='12 SALAS - 127V_BLOCOS'!F109 -> 30.9 | F95: Portas
A96: ='12 SALAS - 127V_BLOCOS'!A110 -> 12.1.8 | C96: ='12 SALAS - 127V_BLOCOS'!D110 -> Rodapé de alta resistência (incl. polimento) | D96: ='12 SALAS - 127V_BLOCOS'!E110 -> m | E96: ='12 SALAS - 127V_BLOCOS'!F110 -> 815.72 | F96: Bloco A: 136,97 m Bloco B: 126,00 m Bloco C: 137,26 m Bloco E1: 144,05 m Bloco E2: 147,24 m Bloco F: 113,32 m Passarela: 10,88 m Total = 815,72 m
A97: ='12 SALAS - 127V_BLOCOS'!A111 -> 12.2 | C97: ='12 SALAS - 127V_BLOCOS'!D111 -> PAVIMENTAÇÃO EXTERNA
A98: ='12 SALAS - 127V_BLOCOS'!A112 -> 12.2.1 | C98: ='12 SALAS - 127V_BLOCOS'!D112 -> Passeio em concreto desempenado com junta plastica a cada 1,20m, e = 10cm. EXECUÇÃO DE PASSEIO (CALÇADA) OU PISO DE CONCRETO COM CONCRETO MOLDADO IN LOCO, FEITO EM OBRA, ACABAMENTO CONVENCIONAL, ESPESSURA 10 CM, ARMADO. AF_07/2016. | D98: ='12 SALAS - 127V_BLOCOS'!E112 -> m² | E98: ='12 SALAS - 127V_BLOCOS'!F112 -> 435.79 | F98: Bloco E1: 61,45 + Bloco C: 85,62 + Bloco B: 94,58 + Bloco A: 12,39 + 12,39 + Bloco D: 50,99 + Bloco F: 56,92 + Bloco E2: 61,45 = 435,79 m² | G98: =61.45+61.45+85.62+94.58+12.39+12.39+50.99+56.92 -> 435.79
A99: ='12 SALAS - 127V_BLOCOS'!A113 -> 12.2.2 | C99: ='12 SALAS - 127V_BLOCOS'!D113 -> Rampa de acesso em concreto não estrutural. EXECUÇÃO DE PASSEIO (CALÇADA) OU PISO DE CONCRETO COM CONCRETO MOLDADO IN LOCO, FEITO EM OBRA, ACABAMENTO CONVENCIONAL, ESPESSURA 10 CM, ARMADO. AF_07/2016. | D99: ='12 SALAS - 127V_BLOCOS'!E113 -> m² | E99: ='12 SALAS - 127V_BLOCOS'!F113 -> 63.05 | F99: - Rampa de acesso
A100: ='12 SALAS - 127V_BLOCOS'!A114 -> 12.2.3 | C100: ='12 SALAS - 127V_BLOCOS'!D114 -> Meio-fio concreto, moldado in loco, 11,5cm base x 22cm altura. GUIA (MEIO-FIO) CONCRETO, MOLDADA IN LOCO EM TRECHO RETO COM EXTRUSORA, 13 CM BASE X 22 CM ALTURA. AF_06/2016. | D100: ='12 SALAS - 127V_BLOCOS'!E114 -> m | E100: ='12 SALAS - 127V_BLOCOS'!F114 -> 241.96 | F100: Estacionamento: 241,96 m
A101: ='12 SALAS - 127V_BLOCOS'!A115 -> 12.2.4 | C101: ='12 SALAS - 127V_BLOCOS'!D115 -> Lastro de brita para o estacionamento. LASTRO COM MATERIAL GRANULAR (PEDRA BRITADA N.1 E PEDRA BRITADA N.2),APLICADO EM PISOS OU LAJES SOBRE SOLO, ESPESSURA DE *10 CM*. AF_07/2019. | D101: ='12 SALAS - 127V_BLOCOS'!E115 -> m³ | E101: ='12 SALAS - 127V_BLOCOS'!F115 -> 16.38 | F101: Estacionamento | H101: =131+125 -> 256 | I101: =H101*0.06 -> 15.36
A102: ='12 SALAS - 127V_BLOCOS'!A116 -> 12.2.5 | C102: ='12 SALAS - 127V_BLOCOS'!D116 -> Pavimetação em blocos intertravado de concreto, assentados sobre colchão de areia. EXECUÇÃO DE PASSEIO EM PISO INTERTRAVADO, COM BLOCO RETANGULAR COR NATURAL DE 20 X 10 CM, ESPESSURA 6 CM. AF_12/2015. | D102: ='12 SALAS - 127V_BLOCOS'!E116 -> m² | E102: ='12 SALAS - 127V_BLOCOS'!F116 -> 1707.59 | F102: Estacionamento, passeio público e acesso de veículos, área entre blobo E2 e F e pátio aberto: 817,82 + 708,82 + 178,95 = 1707,59 m²
A103: ='12 SALAS - 127V_BLOCOS'!A118 -> 13 | C103: ='12 SALAS - 127V_BLOCOS'!D118 -> PINTURAS E ACABAMENTOS
A104: ='12 SALAS - 127V_BLOCOS'!A119 -> 13.1 | C104: ='12 SALAS - 127V_BLOCOS'!D119 -> Emassamento de paredes internas com massa PVA - 02 demãos. APLICAÇÃO MANUAL DE MASSA ACRÍLICA EM PANOS DE FACHADA SEM PRESENÇA DEVÃOS, DE EDIFÍCIOS DE MÚLTIPLOS PAVIMENTOS, DUAS DEMÃOS. AF_05/2017. | D104: ='12 SALAS - 127V_BLOCOS'!E119 -> m² | E104: ='12 SALAS - 127V_BLOCOS'!F119 -> 1321.54 | F104: 1321,54 m² paredes internas | G104: 1321.54 | I104: =G104/2 -> 660.77
A105: ='12 SALAS - 127V_BLOCOS'!A120 -> 13.2 | C105: ='12 SALAS - 127V_BLOCOS'!D120 -> Emassamento de paredes externas com massa ACRÍLICA - 02 demãos. APLICAÇÃO MANUAL DE MASSA ACRÍLICA EM PANOS DE FACHADA COM PRESENÇA DEVÃOS, DE EDIFÍCIOS DE MÚLTIPLOS PAVIMENTOS, DUAS DEMÃOS. AF_05/2017. | D105: ='12 SALAS - 127V_BLOCOS'!E120 -> m² | E105: ='12 SALAS - 127V_BLOCOS'!F120 -> 1862.19 | F105: 1862,19 m² paredes externas
A106: ='12 SALAS - 127V_BLOCOS'!A121 -> 13.3 | C106: ='12 SALAS - 127V_BLOCOS'!D121 -> APLICAÇÃO DE FUNDO SELADOR ACRÍLICO EM PAREDES, UMA DEMÃO | D106: ='12 SALAS - 127V_BLOCOS'!E121 -> m² | E106: ='12 SALAS - 127V_BLOCOS'!F121 -> 3183.73 | F106: Área de Reboco = Área de Selador: 3183,73 m²
...

Sheet CRONOGRAMA
A8: Obra: CONSTRUÇÃO DE UMA ESCOLA DE 12 SALAS DE AULAS E UMA QUADRA POLIVALENTE COBERTA.
A9: LOCAL DA OBRA: NO DISTRITO DE MORAES ALMEIDA, CIDADE DE ITAITUBA - PARÁ
A10: CRONOGRAMA DO PLANEJAMENTO
A12: ITEM | B12: DESCRIÇÃO DOS SERVIÇOS | C12: VALOR (R$) | D12: % ITEM | E12: 1 | F12: 2 | G12: 3 | H12: 4 | I12: 5 | J12: 6 | K12: 7 | L12: 8 | M12: 9 | N12: 10 | O12: 11 | P12: 12
A14: 1 | B14: SERVIÇOS PRELIMINARES | C14: =SUM(E15) -> 74386.73 | D14: =C14/$C$61 -> 0.0094304221 | E14: 1 | Q14: =SUM(E14:P14) -> 1
E15: =SUM('12 SALAS - 127V_BLOCOS'!I13) -> 74386.73 | Q15: =SUM(E15:P15) -> 74386.73
A16: 2 | B16: ADMINISTRAÇÃO LOCAL DA OBRA | C16: =SUM(E17:P17) -> 331372.89 | D16: =C16/$C$61 -> 0.042009996 | E16: 0.083333333 | F16: 0.083333333 | G16: 0.083333333 | H16: 0.083333333 | I16: 0.083333333 | J16: 0.083333333 | K16: 0.083333333 | L16: 0.083333333 | M16: 0.083333333 | N16: 0.083333333 | O16: 0.083333333 | P16: 0.083333333 | Q16: =SUM(E16:P16) -> 1
E17: ='12 SALAS - 127V_BLOCOS'!$I$22*E16 -> 27614.407 | F17: ='12 SALAS - 127V_BLOCOS'!$I$22*F16 -> 27614.407 | G17: ='12 SALAS - 127V_BLOCOS'!$I$22*G16 -> 27614.407 | H17: ='12 SALAS - 127V_BLOCOS'!$I$22*H16 -> 27614.407 | I17: ='12 SALAS - 127V_BLOCOS'!$I$22*I16 -> 27614.407 | J17: ='12 SALAS - 127V_BLOCOS'!$I$22*J16 -> 27614.407 | K17: ='12 SALAS - 127V_BLOCOS'!$I$22*K16 -> 27614.407 | L17: ='12 SALAS - 127V_BLOCOS'!$I$22*L16 -> 27614.407 | ... P17: ='12 SALAS - 127V_BLOCOS'!$I$22*P16 -> 27614.407 | Q17: =SUM(E17:P17) -> 331372.89
A18: 3 | B18: MOVIMENTO DE TERRA PARA FUNDAÇÕES | C18: =SUM(E19:F19) -> 42873.64 | D18: =C18/$C$61 -> 0.0054353313 | E18: 0.5 | F18: 0.5 | Q18: =SUM(E18:P18) -> 1
E19: ='12 SALAS - 127V_BLOCOS'!I27*50% -> 21436.82 | F19: ='12 SALAS - 127V_BLOCOS'!I27*50% -> 21436.82 | Q19: =SUM(E19:P19) -> 42873.64
A20: 4 | B20: FUNDAÇÕES | C20: =SUM(F21:H21) -> 505805.96 | D20: =C20/$C$61 -> 0.064123853 | F20: 0.4 | G20: 0.4 | H20: 0.2 | Q20: =SUM(E20:P20) -> 1
F21: ='12 SALAS - 127V_BLOCOS'!I32*40% -> 202322.38 | G21: ='12 SALAS - 127V_BLOCOS'!I32*40% -> 202322.38 | H21: ='12 SALAS - 127V_BLOCOS'!I32*20% -> 101161.19 | Q21: =SUM(E21:P21) -> 505805.96
A22: 5 | B22: SUPERESTRUTURA | C22: =SUM(F23:H23) -> 871076.46 | D22: =C22/$C$61 -> 0.11043124 | F22: 0.2 | G22: 0.4 | H22: 0.4 | Q22: =SUM(E22:P22) -> 1
F23: ='12 SALAS - 127V_BLOCOS'!I38*20% -> 174215.29 | G23: ='12 SALAS - 127V_BLOCOS'!I38*40% -> 348430.58 | H23: ='12 SALAS - 127V_BLOCOS'!I38*40% -> 348430.58 | Q23: =SUM(E23:P23) -> 871076.46
A24: 6 | B24: SISTEMAS DE VEDAÇÃO VERTICAL | C24: =SUM(H25:K25) -> 208078.23 | D24: =C24/$C$61 -> 0.026379242 | H24: 0.4 | I24: 0.3 | J24: 0.2 | K24: 0.1 | Q24: =SUM(E24:P24) -> 1
H25: ='12 SALAS - 127V_BLOCOS'!I48*40% -> 83231.292 | I25: ='12 SALAS - 127V_BLOCOS'!I48*30% -> 62423.469 | J25: ='12 SALAS - 127V_BLOCOS'!I48*20% -> 41615.646 | K25: ='12 SALAS - 127V_BLOCOS'!I48*10% -> 20807.823 | Q25: =SUM(E25:P25) -> 208078.23
A26: 7 | B26: ESQUADRIAS | C26: =SUM(I27:L27) -> 370343.9 | D26: =C26/$C$61 -> 0.046950569 | I26: 0.25 | J26: 0.25 | K26: 0.25 | L26: 0.25 | Q26: =SUM(E26:P26) -> 1
I27: ='12 SALAS - 127V_BLOCOS'!I55*25% -> 92585.975 | J27: ='12 SALAS - 127V_BLOCOS'!I55*25% -> 92585.975 | K27: ='12 SALAS - 127V_BLOCOS'!I55*25% -> 92585.975 | L27: ='12 SALAS - 127V_BLOCOS'!I55*25% -> 92585.975 | Q27: =SUM(E27:P27) -> 370343.9
A28: 8 | B28: FORRO | C28: ='12 SALAS - 127V_BLOCOS'!I83 -> 112069.56 | D28: =C28/$C$61 -> 0.014207685 | I28: 0.25 | J28: 0.25 | K28: 0.25 | L28: 0.25 | Q28: =SUM(E28:P28) -> 1
I29: ='12 SALAS - 127V_BLOCOS'!I83*25% -> 28017.39 | J29: ='12 SALAS - 127V_BLOCOS'!I83*25% -> 28017.39 | K29: ='12 SALAS - 127V_BLOCOS'!I83*25% -> 28017.39 | L29: ='12 SALAS - 127V_BLOCOS'!I83*25% -> 28017.39 | Q29: =SUM(E29:P29) -> 112069.56
A30: 9 | B30: SISTEMAS DE COBERTURA | C30: =SUM(L31:O31) -> 1490277 | D30: =C30/$C$61 -> 0.18893076 | L30: 0.2 | M30: 0.2 | N30: 0.4 | O30: 0.2 | Q30: =SUM(E30:P30) -> 1
L31: ='12 SALAS - 127V_BLOCOS'!I86*20% -> 298055.41 | M31: ='12 SALAS - 127V_BLOCOS'!I86*20% -> 298055.41 | N31: ='12 SALAS - 127V_BLOCOS'!I86*40% -> 596110.81 | O31: ='12 SALAS - 127V_BLOCOS'!I86*20% -> 298055.41 | Q31: =SUM(E31:P31) -> 1490277
A32: 10 | B32: IMPERMEABILIZAÇÃO | C32: =SUM(F33,G33,H33) -> 28998.51 | D32: =C32/$C$61 -> 0.0036763034 | F32: 0.4 | G32: 0.4 | H32: 0.2 | Q32: =SUM(E32:P32) -> 1
F33: ='12 SALAS - 127V_BLOCOS'!I92*40% -> 11599.404 | G33: ='12 SALAS - 127V_BLOCOS'!I92*40% -> 11599.404 | H33: ='12 SALAS - 127V_BLOCOS'!I92*20% -> 5799.702 | Q33: =SUM(E33:P33) -> 28998.51
A34: 11 | B34: REVESTIMENTOS INTERNOS E EXTERNOS | C34: =SUM(J35,K35,L35,M35) -> 250499.75 | D34: =C34/$C$61 -> 0.031757255 | J34: 0.25 | K34: 0.25 | L34: 0.25 | M34: 0.25 | Q34: =SUM(E34:P34) -> 1
J35: ='12 SALAS - 127V_BLOCOS'!I95*25% -> 62624.938 | K35: ='12 SALAS - 127V_BLOCOS'!I95*25% -> 62624.938 | L35: ='12 SALAS - 127V_BLOCOS'!I95*25% -> 62624.938 | M35: ='12 SALAS - 127V_BLOCOS'!I95*25% -> 62624.938 | Q35: =SUM(E35:P35) -> 250499.75
A36: 12 | B36: SISTEMAS DE PISOS | C36: =SUM(J37,K37,L37,M37) -> 895258.48 | D36: =C36/$C$61 -> 0.11349693 | J36: 0.2 | K36: 0.4 | L36: 0.2 | M36: 0.2 | Q36: =SUM(E36:P36) -> 1
J37: ='12 SALAS - 127V_BLOCOS'!I101*20% -> 179051.7 | K37: ='12 SALAS - 127V_BLOCOS'!I101*40% -> 358103.39 | L37: ='12 SALAS - 127V_BLOCOS'!I101*20% -> 179051.7 | M37: ='12 SALAS - 127V_BLOCOS'!I101*20% -> 179051.7 | Q37: =SUM(E37:P37) -> 895258.48
A38: 13 | B38: PINTURAS E ACABAMENTOS | C38: =SUM(L39,M39,N39) -> 135889.95 | D38: =C38/$C$61 -> 0.01722753 | L38: 0.2 | M38: 0.5 | N38: 0.3 | Q38: =SUM(E38:P38) -> 1
L39: ='12 SALAS - 127V_BLOCOS'!I118*20% -> 27177.99 | M39: ='12 SALAS - 127V_BLOCOS'!I118*50% -> 67944.975 | N39: ='12 SALAS - 127V_BLOCOS'!I118*30% -> 40766.985 | Q39: =SUM(E39:P39) -> 135889.95
A40: 14 | B40: INSTALAÇÕES HIDRÁULICAS | C40: =SUM(I41,J41,K41) -> 110059.69 | D40: =C40/$C$61 -> 0.013952883 | I40: 0.3 | J40: 0.3 | K40: 0.4 | Q40: =SUM(E40:P40) -> 1
I41: ='12 SALAS - 127V_BLOCOS'!I126*30% -> 33017.907 | J41: ='12 SALAS - 127V_BLOCOS'!I126*30% -> 33017.907 | K41: ='12 SALAS - 127V_BLOCOS'!I126*40% -> 44023.876 | Q41: =SUM(E41:P41) -> 110059.69
A42: 15 | B42: INSTALAÇÕES SANITÁRIAS | C42: =SUM(H43,I43,J43) -> 306159.98 | D42: =C42/$C$61 -> 0.038813614 | H42: 0.3 | I42: 0.4 | J42: 0.3 | Q42: =SUM(E42:P42) -> 1
H43: ='12 SALAS - 127V_BLOCOS'!I156*30% -> 91847.994 | I43: ='12 SALAS - 127V_BLOCOS'!I156*40% -> 122463.99 | J43: ='12 SALAS - 127V_BLOCOS'!I156*30% -> 91847.994 | Q43: =SUM(E43:P43) -> 306159.98
A44: 16 | B44: LOUÇAS, ACESSÓRIOS E METAIS | C44: =SUM(L45,M45,N45) -> 49924.27 | D44: =C44/$C$61 -> 0.0063291791 | L44: 0.1 | M44: 0.4 | N44: 0.5 | Q44: =SUM(E44:P44) -> 1
L45: ='12 SALAS - 127V_BLOCOS'!I193*10% -> 4992.427 | M45: ='12 SALAS - 127V_BLOCOS'!I193*40% -> 19969.708 | N45: ='12 SALAS - 127V_BLOCOS'!I193*50% -> 24962.135 | Q45: =SUM(E45:P45) -> 49924.27
A46: 17 | B46: INSTALAÇÃO DE GÁS COMBUSTÍVEL | C46: =SUM(G47,H47) -> 1569.19 | D46: =C46/$C$61 -> 0.000198935 | G46: 0.5 | H46: 0.5 | Q46: =SUM(E46:P46) -> 1
G47: ='12 SALAS - 127V_BLOCOS'!I218*50% -> 784.595 | H47: ='12 SALAS - 127V_BLOCOS'!I218*50% -> 784.595 | Q47: =SUM(E47:P47) -> 1569.19
A48: 18 | B48: SISTEMA DE PROTEÇÃO CONTRA INCÊNDIO | C48: =SUM(M49,N49) -> 6921.21 | D48: =C48/$C$61 -> 0.00087744053 | M48: 0.5 | N48: 0.5 | Q48: =SUM(E48:P48) -> 1
M49: ='12 SALAS - 127V_BLOCOS'!I229*50% -> 3460.605 | N49: ='12 SALAS - 127V_BLOCOS'!I229*50% -> 3460.605 | Q49: =SUM(E49:P49) -> 6921.21
A50: 19 | B50: INSTALAÇÕES ELÉTRICAS E TELEFONICAS - (127V/220V) | C50: =SUM(H51,I51,J51,K51,L51) -> 409127.97 | D50: =C50/$C$61 -> 0.051867443 | H50: 0.1 | I50: 0.3 | J50: 0.2 | K50: 0.2 | L50: 0.2 | Q50: =SUM(E50:P50) -> 1
H51: ='12 SALAS - 127V_BLOCOS'!I235*10% -> 40912.797 | I51: ='12 SALAS - 127V_BLOCOS'!I235*30% -> 122738.39 | J51: ='12 SALAS - 127V_BLOCOS'!I235*20% -> 81825.594 | K51: ='12 SALAS - 127V_BLOCOS'!I235*20% -> 81825.594 | L51: ='12 SALAS - 127V_BLOCOS'!I235*20% -> 81825.594 | Q51: =SUM(E51:P51) -> 409127.97
A52: 20 | B52: SISTEMA DE PROTEÇÃO CONTRA DESCARGAS ATMOSFÉRICAS (SPDA) | C52: =SUM(F53,G53,H53,O53,P53) -> 112045.75 | D52: =C52/$C$61 -> 0.014204667 | F52: 0.1 | G52: 0.2 | H52: 0.3 | O52: 0.1 | P52: 0.3 | Q52: =SUM(E52:P52) -> 1
F53: ='12 SALAS - 127V_BLOCOS'!I304*10% -> 11204.575 | G53: ='12 SALAS - 127V_BLOCOS'!I304*20% -> 22409.15 | H53: ='12 SALAS - 127V_BLOCOS'!I304*30% -> 33613.725 | O53: ='12 SALAS - 127V_BLOCOS'!I304*10% -> 11204.575 | P53: ='12 SALAS - 127V_BLOCOS'!I304*30% -> 33613.725 | Q53: =SUM(E53:P53) -> 112045.75
A54: 21 | B54: SERVIÇOS COMPLEMENTARES | C54: =SUM(E55,O55,P55) -> 455782.46 | D54: =C54/$C$61 -> 0.057782094 | E54: 0.3 | O54: 0.35 | P54: 0.35 | Q54: =SUM(E54:P54) -> 1
E55: ='12 SALAS - 127V_BLOCOS'!I314*30% -> 136734.74 | O55: ='12 SALAS - 127V_BLOCOS'!I314*35% -> 159523.86 | P55: ='12 SALAS - 127V_BLOCOS'!I314*35% -> 159523.86 | Q55: =SUM(E55:P55) -> 455782.46
A56: 22 | B56: SERVIÇOS FINAIS | C56: =SUM(P57) -> 25401.28 | D56: =C56/$C$61 -> 0.0032202624 | P56: 1 | Q56: =SUM(E56:P56) -> 1
P57: ='12 SALAS - 127V_BLOCOS'!I328*100% -> 25401.28 | Q57: =SUM(E57:P57) -> 25401.28
A58: 23 | B58: QUADRA | C58: =SUM(E59,F59,G59,H59,I59,J59,K59,L59,M59,N59,O59,P59) -> 1094030.5 | D58: =C58/$C$61 -> 0.13869637 | G58: 0.1 | H58: 0.15 | I58: 0.2 | J58: 0.15 | K58: 0.15 | L58: 0.15 | O58: 0.05 | P58: 0.05 | Q58: =SUM(E58:P58) -> 1
G59: ='12 SALAS - 127V_BLOCOS'!I413*10% -> 109403.05 | H59: ='12 SALAS - 127V_BLOCOS'!I413*15% -> 164104.57 | I59: ='12 SALAS - 127V_BLOCOS'!I413*20% -> 218806.1 | J59: ='12 SALAS - 127V_BLOCOS'!I413*15% -> 164104.57 | K59: ='12 SALAS - 127V_BLOCOS'!I413*15% -> 164104.57 | L59: ='12 SALAS - 127V_BLOCOS'!I413*15% -> 164104.57 | O59: ='12 SALAS - 127V_BLOCOS'!I413*5% -> 54701.524 | P59: ='12 SALAS - 127V_BLOCOS'!I413*5% -> 54701.524 | Q59: =SUM(E59:P59) -> 1094030.5
A61: Valores totais | C61: =SUM(C14,C16,C18,C20,C22,C24,C26,C30,C32,C34,C36,C38,C40,C42,C44,C46,C48,C50,C52,C54,C56,C58,C28) -> 7887953.4 | D61: =C61/$C$61 -> 1 | E61: =SUM(E15,E17,E19,E55) -> 260172.7 | F61: =SUM(F17,F19,F21,F23,F33,F53) -> 448392.88 | G61: =SUM(G17,G21,G23,G33,G47,G53,G59) -> 722563.57 | H61: =SUM(H17,H21,H23,H25,H33,H43,H47,H51,H53,H59) -> 897500.86 | I61: =SUM(I17,I25,I27,I41,I43,I51,I59,I29) -> 707667.63 | J61: =SUM(J17,J25,J27,J35,J37,J41,J43,J51,J59,J29) -> 802306.12 | K61: =SUM(K17,K25,K27,K35,K37,K41,K51,K59,K29) -> 879707.97 | L61: =SUM(L17,L27,L31,L35,L37,L39,L45,L51,L59,L29) -> 966050.4 | M61: =SUM(M17,M31,M35,M37,M39,M45,M49) -> 658721.73 | N61: =SUM(N17,N31,N39,N45,N49) -> 692914.94 | O61: =SUM(O17,O31,O53,O55,O59) -> 551099.77 | P61: =SUM(P17,P53,P57,P59,P55) -> 300854.8 | Q61: =SUM(E61:P61) -> 7887953.4

Sheet Plan1
A1: CPU | B1: 1 | C1: CHAPA METÁLICA PLANA RESISTENTE A IMPACTOS NAS PORTAS. | D1: M² | F1: =E3*F3+E4*F4+E5*F5+E6*F6 -> 176.2902
A3: SINAPI-I | B3: 11026 | C3: CHAPA DE ACO GALVANIZADA BITOLA GSG 14, E = 1,95 MM (15,60 KG/M2) | D3: KG | E3: 15.6 | F3: 10.04
A4: SINAPI-I | B4: 5104 | C4: REBITE DE ALUMINIO VAZADO DE REPUXO, 3,2 X 8 MM (1KG = 1025 UNIDADES) | D4: KG | E4: 0.014 | F4: 65.8
A5: SINAPI | B5: 88315 | C5: SERRALHEIRO COM ENCARGOS COMPLEMENTARES | D5: H | E5: 0.5 | F5: 20.9
A6: SINAPI | B6: 88316 | C6: SERVENTE COM ENCARGOS COMPLEMENTARES | D6: H | E6: 0.5 | F6: 16.59
A8: CPU | B8: 2 | C8: CAIXA DÁGUA ENTERRADA DE CONCRETO 15.000L | D8: UN | F8: =(E10*F10+E11*F11+E12*F12+E13*F13+E14*F14+E15*F15+E16*F16+E17*F17) -> 11244.441
A10: SINAPI | B10: 5678 | C10: RETROESCAVADEIRA SOBRE RODAS COM CARREGADEIRA, TRAÇÃO 4X4, POTÊNCIA LÍ Q. 88 HP, CAÇAMBA CARREG. CAP. MÍN. 1 M3, CAÇAMBA RETRO CAP. 0,26 M3, PESO OPERACIONAL MÍN. 6.674 KG, PROFUNDIDADE ESCAVAÇÃO MÁX. 4,37 M - CHP DIURNO. AF_06/2014 | D10: CHP | E10: 103.97 | F10: 0.5
A11: SINAPI-I | B11: 43059 | C11: ACO CA-60, 4,2 MM, OU 5,0 MM, OU 6,0 MM, OU 7,0 MM, VERGALHAO | D11: KG | E11: 8.24 | F11: 11
A12: SINAPI-I | B12: 32 | C12: ACO CA-50, 6,3 MM, VERGALHAO | D12: KG | E12: 9.18 | F12: 422
A13: SINAPI | B13: 94962 | C13: CONCRETO MAGRO PARA LASTRO, TRAÇO 1:4,5:4,5 (EM MASSA SECA DE CIMENTO/AREIA MÉDIA/ BRITA 1) - PREPARO MECÂNICO COM BETONEIRA 400 L. AF_05/2021 | D13: M³ | E13: 365.98 | F13: 0.7
A14: SINAPI | B14: 94966 | C14: CONCRETO FCK = 30MPA, TRAÇO 1:2,1:2,5 (EM MASSA SECA DE CIMENTO/ AREIA MÉDIA/ BRITA 1) - PREPARO MECÂNICO COM BETONEIRA 400 L. AF_05/2021 | D14: M³ | E14: 530.91 | F14: 4.02
A15: SEDOP | B15: 50036 | C15: FORMA C/ MADEIRA BRANCA | D15: M² | E15: 89.15 | F15: 20.8
A16: SINAPI-I | B16: 43132 | C16: ARAME RECOZIDO 16 BWG, D = 1,65 MM (0,016 KG/M) OU 18 BWG, D = 1,25 MM (0,01 KG/M) | D16: KG | E16: 14.85 | F16: 5
A17: SEDOP | B17: 110645 | C17: REVESTIMENTO CERÂMICO PADRÃO ALTO | D17: M² | E17: 88.04 | F17: 33.04
